Cogmind - Beta 9.6 @@@ ROGUE MODE // 2020.05.15 @ 18:21:54 Player: Alexbot Result: Destroyed by G-73 Enforcer with Phase Gun Performance ------------- Evolutions (8) 4000 Regions Visited (35) 7000 Robots Destroyed (419) 2095 Value Destroyed (17718) 17718 Prototype IDs (97) 1940 Alien Tech Used (2) 400 Bonus (21042) 21042 TOTAL SCORE: 54195 Bonus ------- High Alert Combat Kills 3223 Follower Combat Kills 2686 Network Hubs Disabled 400 Met Data Miner 300 Met Imprinter 300 Destroyed Z-Imprinter 1000 Triggered Deep Caves Wall 1000 Exposed GOLEM Chamber 7500 Met Zhirov 300 Met Warlord at Base 500 MAIN.C Attacked Warlord 500 Met R17 at Cetus 500 Read Decrypted Archives 300 Used Core Reset Matrix 3000 Scanned by Researcher 500 Friendly Fire -967 Cogmind --------- Core Integrity 0/1450 Matter 245/300 Energy 100/100 System Corruption 4% Temperature Cool (36) Movement Core (50) Location -2/Quarantine Parts ------- > --- POWER (1) -------- (None) > --- PROPULSION (4) --- (None) > --- UTILITY (16) ----- (None) > --- WEAPON (2) ------- (None) > --- INVENTORY (4) ---- Experimental Phase Shifter Advanced Force Field Improved Remote Force Field Antimissile System Peak State ------------ > --- POWER ------------ Quantum Reactor > --- PROPULSION ------- Centrium Heavy Treads Centrium Heavy Treads > --- UTILITY ---------- Assembled Nanovents Assembled Nanovents Large Storage Unit Large Storage Unit Large Storage Unit Large Storage Unit Assembled Biocell Array Assembled Suspension Frame Experimental Signal Interpreter Experimental Terrain Scan Processor Advanced Core Analyzer Assembled Alloy Armor Advanced Force Field Quantum Router GOLEM Unit > --- WEAPON ----------- Assembled Focal Cannon Assembled Focal Cannon > --- INVENTORY -------- Micro Fission Core Cooled Q-thruster High-capacity Storage Unit Advanced Energy Well Experimental Matter Compressor Experimental Sensor Array Experimental Terrain Scanner Tactical Coordination Suite Experimental Phase Shifter Experimental Weapon Shielding EM Dispersion Field Improved Remote Force Field Mobile Assembly Unit GOLEM Unit GOLEM Unit Gamma Rifle Gamma Rifle Gamma Rifle Advanced Variable Charge Gun Disruptor Cannon Heavy Disruptor Cannon Coil Gun [Rating: 184] Favorites ----------- Power Micro Fission Core Engine Heavy Ion Engine Power Core Micro Fission Core Reactor Quantum Reactor Propulsion Combat Gravmag System Treads Improved Medium Treads Leg Assembled Alloy Leg Wheel Armored Wheel Hover Unit Combat Gravmag System Flight Unit Electron Diverter Utility Large Storage Unit Device Experimental Sensor Array Storage Large Storage Unit Processor Advanced Terrain Scan Processor Hackware Quantum Router Protection Reactive Plating Weapon Power Sword Energy Gun Pulse Rifle Energy Cannon Advanced Beam Cannon Ballistic Gun Hypervelocity Coil Gun Ballistic Cannon Bore Cannon Launcher Proton Missile Launcher Slashing Weapon Power Sword Build | -11 -10 -10 -9 -9 -9 -8 -8 -7 -7 -7 -7 -7 -7 -7 -6 -6 -6 -6 -6 -5 -5 -5 -5 -5 -5 -4 -4 -4 -4 -4 -4 -3 -3 -2 -2 ------- Run | Scr Mat Min Mat Min Exi Min Mat Fac Was Fac Low Low Zio Dee Pro Fac Low Low Dat Pro Fac Ext Cet Arc Hub Fac Was Fac Upp Upp War Pro Res Res Qua Slots Evolved 16 | . . . 2 . . . 2 2 . . . . . . . 2 . . . . 2 . . . . 2 . . . . . . 2 2 . Power . | . . . . . . . . . . . . . . . . . . . . . . . . . . . . . . . . . . . . Propulsion 2 | . . . . . . . . . . . . . . . . 2 . . . . . . . . . . . . . . . . . . . Utility 14 | . . . 2 . . . 2 2 . . . . . . . . . . . . 2 . . . . 2 . . . . . . 2 2 . Weapon . | . . . . . . . . . . . . . . . . . . . . . . . . . . . . . . . . . . . . Parts Attached 492 | 7 . 8 19 1 3 . 6 6 4 18 6 17 4 25 1 16 3 2 6 2 26 16 18 . 21 44 3 29 1 . 9 9 127 16 19 Power 25 | 2 . . 1 . . . . 2 . . . 1 2 1 . . 2 1 . . 3 2 1 . . 1 . . . . . . 5 1 . Engine 9 | 2 . . 1 . . . . 1 . . . 1 2 . . . 1 1 . . . . . . . . . . . . . . . . . Core 7 | . . . . . . . . 1 . . . . . . . . . . . . 3 2 . . . 1 . . . . . . . . . Reactor 9 | . . . . . . . . . . . . . . 1 . . 1 . . . . . 1 . . . . . . . . . 5 1 . Propulsion 49 | 2 . 3 2 . 1 . . 2 . . . 5 . . . 5 . . . . 3 1 1 . 2 3 . 5 . . 3 . 9 1 1 Treads 11 | . . 1 1 . . . . 1 . . . 2 . . . 1 . . . . . . 1 . . . . . . . . . 2 1 1 Leg . | . . . . . . . . . . . . . . . . . . . . . . . . . . . . . . . . . . . . Wheel 8 | 2 . 2 1 . 1 . . 1 . . . 1 . . . . . . . . . . . . . . . . . . . . . . . Hover 29 | . . . . . . . . . . . . 2 . . . 4 . . . . 3 1 . . 2 3 . 5 . . 2 . 7 . . Flight 1 | . . . . . . . . . . . . . . . . . . . . . . . . . . . . . . . 1 . . . . Utility 238 | 1 . 2 6 1 . . 4 2 1 8 2 3 . 16 1 7 1 . 3 1 7 8 7 . 10 30 1 16 . . 4 5 69 11 11 Device 128 | . . . 1 . . . 1 . . 1 . 1 . 5 . 4 . . 2 . 1 3 1 . 5 18 1 10 . . 1 3 52 9 9 Storage 30 | 1 . 2 2 1 . . 1 1 . 1 . 1 . 1 . 1 . . . . . . 3 . 2 4 . 1 . . 1 . 5 1 1 Processor 11 | . . . . . . . . 1 . . 1 . . 1 . 1 . . . . 1 . . . . 1 . 1 . . 1 1 1 1 . Hackware 9 | . . . . . . . . . . 3 . . . . . . . . . . 3 1 . . . 1 . . . . . . . . 1 Protection 60 | . . . 3 . . . 2 . 1 3 1 1 . 9 1 1 1 . 1 1 2 4 3 . 3 6 . 4 . . 1 1 11 . . Artifact . | . . . . . . . . . . . . . . . . . . . . . . . . . . . . . . . . . . . . Weapon 180 | 2 . 3 10 . 2 . 2 . 3 10 4 8 2 8 . 4 . 1 3 1 13 5 9 . 9 10 2 8 1 . 2 4 44 3 7 Energy Gun 34 | 2 . 2 4 . . . . . . 1 . 1 . 4 . . . . . . . . . . 1 . . 2 . . 1 1 11 . 4 Energy Cannon 36 | . . 1 3 . 2 . 1 . . 5 . . . . . 3 . . 1 . . 1 . . . 3 . 2 . . . 1 10 1 2 Ballistic Gun 32 | . . . 3 . . . 1 . . 2 2 2 . . . . . . . . . . 3 . 1 2 2 2 1 . . 1 8 2 . Ballistic Cannon 24 | . . . . . . . . . . 1 . 1 1 1 . . . . . . 3 2 3 . 4 . . . . . . . 8 . . Launcher 42 | . . . . . . . . . 3 1 2 4 1 3 . 1 . 1 1 1 6 1 3 . 2 1 . 1 . . 1 1 7 . 1 Special Weapon . | . . . . . . . . . . . . . . . . . . . . . . . . . . . . . . . . . . . . Impact Weapon . | . . . . . . . . . . . . . . . . . . . . . . . . . . . . . . . . . . . . Slashing Weapon 12 | . . . . . . . . . . . . . . . . . . . 1 . 4 1 . . 1 4 . 1 . . . . . . . Piercing Weapon . | . . . . . . . . . . . . . . . . . . . . . . . . . . . . . . . . . . . . Special Melee Weapon . | . . . . . . . . . . . . . . . . . . . . . . . . . . . . . . . . . . . . Unidentified Prototypes 40 | . . . 3 . . . 1 1 . 1 . . . 8 . 1 . . . . 1 . 4 . 4 2 . 2 . . 5 . 2 2 3 Parts Lost 85 | . . 9 3 . . . . . . 5 . 5 . 7 . 1 . 1 . 1 . 5 . 1 4 2 . . . . . . 27 1 13 Power 7 | . . 1 . . . . . . . . . 1 . . . . . 1 . . . 1 . . . . . . . . . . 2 . 1 Propulsion 17 | . . 3 1 . . . . . . . . . . 1 . . . . . . . 2 . . 1 1 . . . . . . 6 . 2 Utility 28 | . . . . . . . . . . 2 . 2 . 3 . 1 . . . 1 . 1 . . . 1 . . . . . . 12 1 4 Weapon 33 | . . 5 2 . . . . . . 3 . 2 . 3 . . . . . . . 1 . 1 3 . . . . . . . 7 . 6 Highest Loss Streak 12 | . . 8 1 . . . . . . 4 . 5 . 3 . 1 . 1 . 1 . 2 . 1 2 1 . . . . . . 9 1 12 Average Slot Usage (%) 92 | . 85 92 98 100 100 100 99 86 87 90 92 93 97 93 84 98 100 99 97 100 87 89 92 94 86 89 95 96 94 94 98 95 84 84 83 Engine 2 | . 14 12 10 11 11 11 9 5 . . . 4 7 2 . . . 5 6 6 . . . . . . . . . . . . . . . Core 1 | . . . . . . . . 1 7 7 7 2 . . . . . . . . 5 4 . . . 3 5 5 5 5 5 5 1 . . Reactor 1 | . . . . . . . . . . . . . . 4 7 6 6 . . . . . 4 5 5 1 . . . . . . 2 4 3 Treads 4 | . . 1 15 11 7 . . . . . . 5 15 11 7 . . . . . . . 4 5 4 . . . . . . . 1 8 7 Wheel 2 | . 28 26 6 11 14 22 18 7 7 7 7 4 . . . . . . . . . . . . . . . . . . . . . . . Hover 9 | . . . . . . . . . . . . . . . . 25 26 26 26 26 22 20 11 11 11 15 21 20 21 21 20 21 14 . . Device 9 | . . . 9 11 11 11 9 7 7 5 7 6 7 13 8 17 13 13 8 13 9 . 2 . . 10 10 13 10 10 12 13 12 20 16 Storage 23 | . 14 26 22 22 22 22 18 17 23 24 23 23 30 30 30 21 26 26 26 26 23 23 25 29 29 21 21 20 21 21 21 21 20 21 20 Processor 5 | . . . . . . . . 6 7 1 . . . . . 4 6 6 6 6 5 5 5 5 5 10 10 10 10 10 7 6 10 13 12 Hackware 7 | . . . . . . . . . . 18 23 22 15 4 . . . . . . 2 12 11 11 7 9 10 10 10 10 10 10 6 4 7 Protection 8 | . . . 11 11 11 11 26 23 18 9 7 6 7 8 14 7 6 6 7 6 9 7 10 11 7 8 6 6 10 10 9 10 3 3 3 Energy Gun 1 | . 28 24 10 . . . . . . . . 1 . 2 . . . . . . . . . . . . . . . . . . . . 3 Energy Cannon 3 | . . . 4 22 22 22 18 15 . 4 . . . . . 4 6 6 2 6 . . . . . . . . 2 . . 3 1 5 4 Ballistic Gun 1 | . . . 6 . . . . . . 5 6 6 . . . . . . . . . . 7 11 . . 8 1 2 5 5 1 1 1 . Ballistic Cannon 1 | . . . . . . . . . . 2 7 5 5 4 7 3 . . . . 1 . 1 . 5 . . . . . . . 1 . . Launcher 1 | . . . . . . . . . 15 . . . 5 6 7 4 6 6 6 6 1 4 1 . . . . . . . 4 1 1 . . Naked Turns 10 | . . . . . . . . . . . . . . . . . . . . . . . . . . . . . . . . . . . 10 Heaviest Build 180 | 12 12 24 54 78 78 78 98 114 121 120 74 111 120 116 120 119 86 96 109 96 109 98 125 113 180 129 85 98 98 84 92 102 120 139 136 Greatest Support 170 | 26 26 26 40 20 22 22 22 28 28 28 28 60 60 60 30 100 100 100 100 100 100 100 80 80 80 92 84 120 120 120 120 110 160 170 160 Greatest Overweight (x) 6 | . . 1 4 3 6 3 4 4 4 4 2 2 1 3 3 1 . . 1 . 1 1 1 1 2 1 1 1 . . . . 3 . 1 Average Overweight (x) . | . . . 2 2 4 3 3 3 3 2 2 1 1 1 3 . . . . . . . 1 1 1 . . . . . . . . . . Largest Inventory Capacity 36 | 6 6 12 14 18 18 18 18 24 24 30 22 30 30 30 30 30 28 28 28 28 28 28 28 28 36 36 28 28 28 28 28 28 28 34 30 Average Capacity 25 | 5 6 11 12 17 18 18 18 19 24 23 22 22 30 30 30 23 28 28 28 28 28 28 28 28 33 28 28 27 28 28 28 28 28 28 28 Most Carried 35 | 4 4 9 12 14 18 18 18 18 24 24 22 23 30 30 30 29 28 28 28 27 28 28 28 28 35 34 28 28 28 28 28 28 28 28 28 Average Carried 24 | 1 4 6 10 12 16 17 17 17 19 20 21 21 27 29 29 22 27 26 25 26 25 27 27 28 30 27 27 27 27 28 27 27 26 27 27 Final Capacity 36 | 6 6 12 14 18 18 18 18 24 24 22 22 30 30 30 30 28 28 28 28 28 28 28 28 28 36 28 28 28 28 28 28 28 28 28 4 Final Carried 33 | 4 4 5 12 14 18 18 18 18 21 21 22 23 30 30 30 28 28 27 26 26 28 28 28 28 33 28 28 27 28 28 28 28 28 27 4 Class Distribution -------------------- 35% | Hauler-Mutant 33% | Hacker-Mutant 11% | Mutant 6% | Commander-Mutant 6% | Scavenger-Mutant Dominant Class ---------------- Mutant | -10/Materials Mutant | -10/Mines Mutant | -9/Materials Mutant | -9/Mines Commander-Mutant | -9/Exiles Commander-Mutant | -8/Mines Commander-Mutant | -8/Materials Mutant | -7/Factory Hauler-Mutant | -7/Waste Hacker-Mutant | -7/Factory Hacker-Mutant | -7/Lower Caves Hacker-Mutant | -7/Lower Caves Hauler-Mutant | -7/Zion Hauler-Mutant | -7/Deep Caves Hauler-Mutant | -6/Proximity Caves Hauler-Mutant | -6/Factory Hauler-Mutant | -6/Lower Caves Hauler-Mutant | -6/Lower Caves Hauler-Mutant | -6/Data Miner Hauler-Mutant | -5/Proximity Caves Hauler-Mutant | -5/Factory Hacker-Mutant | -5/Extension Scavenger-Mutant | -5/Cetus Scavenger-Mutant | -5/Archives Hauler-Mutant | -5/Hub_04(d) Hacker-Mutant | -4/Factory Hacker-Mutant | -4/Waste Hacker-Mutant | -4/Factory Hacker-Mutant | -4/Upper Caves Hacker-Mutant | -4/Upper Caves Hacker-Mutant | -4/Warlord Hacker-Mutant | -3/Proximity Caves Hacker-Mutant | -3/Research Hauler-Golem | -2/Research Hacker-Mutant | -2/Quarantine Resources | -11 -10 -10 -9 -9 -9 -8 -8 -7 -7 -7 -7 -7 -7 -7 -6 -6 -6 -6 -6 -5 -5 -5 -5 -5 -5 -4 -4 -4 -4 -4 -4 -3 -3 -2 -2 ----------- Run | Scr Mat Min Mat Min Exi Min Mat Fac Was Fac Low Low Zio Dee Pro Fac Low Low Dat Pro Fac Ext Cet Arc Hub Fac Was Fac Upp Upp War Pro Res Res Qua Matter Collected 15365 | 192 . 113 357 10 . 30 40 80 456 201 256 456 188 653 66 502 30 95 20 159 454 457 305 36 1136 600 560 975 346 24 741 387 4764 483 193 Remotely . | . . . . . . . . . . . . . . . . . . . . . . . . . . . . . . . . . . . . Salvage Created 22373 | . . 106 1567 95 53 . 23 166 1146 219 74 457 . 2820 140 722 36 370 240 398 956 405 196 83 2356 706 1517 1074 290 . . 95 4801 167 1095 Parts 835 | . . 2 111 10 4 . . 7 6 13 4 26 . 27 4 24 4 25 4 18 48 17 10 2 104 25 45 48 7 . . 2 175 7 56 Haulers Intercepted 11 | . . . 3 . . . . . . . . . . . . 3 . . . . . . . . 2 . . 2 . . . . 1 . . Recyclers Shooed 6 | . . . 1 . . . . . . . . . . . . . . . . . . 1 . . . . . 1 . . . . 3 . . Parts Field Recycled . | . . . . . . . . . . . . . . . . . . . . . . . . . . . . . . . . . . . . Retrieved Matter . | . . . . . . . . . . . . . . . . . . . . . . . . . . . . . . . . . . . . Parts Self-Destructed 151 | . . . . . . . . . . . 3 15 . . 10 . 4 15 . 8 . . . . . . . . 4 . 92 . . . . Prevented 43 | . . . . . . . . . . . 3 15 . . . . . 9 . 10 . . . . . . . . . . 4 2 . . . Kills | -11 -10 -10 -9 -9 -9 -8 -8 -7 -7 -7 -7 -7 -7 -7 -6 -6 -6 -6 -6 -5 -5 -5 -5 -5 -5 -4 -4 -4 -4 -4 -4 -3 -3 -2 -2 ------- Run | Scr Mat Min Mat Min Exi Min Mat Fac Was Fac Low Low Zio Dee Pro Fac Low Low Dat Pro Fac Ext Cet Arc Hub Fac Was Fac Upp Upp War Pro Res Res Qua Combat Hostiles Destroyed 335 | . . 3 41 7 . . . 3 6 8 4 5 . 46 3 7 . 12 4 10 17 10 4 1 29 11 5 14 . . . 1 64 5 15 Melee 10 | . . . . . . . . . . . . . . . . . . . . . 1 1 . . 1 4 . 3 . . . . . . . Guns 70 | . . 3 29 . . . . . . . . 1 . 1 . . . . . . . . 3 1 4 1 5 2 . . . . 17 2 1 Cannons 94 | . . . 10 5 . . . 3 . 3 . 3 . 17 3 1 . . . . 4 2 1 . 19 2 . 1 . . . . 13 3 4 AOE 114 | . . . . 2 . . . . 6 5 4 . . 24 . 4 . 12 1 9 8 7 . . 2 1 . 8 . . . . 12 . 9 Classes Destroyed 26 | . . 2 7 1 . . . 1 1 1 . 2 . 2 . . . 1 . . . 1 . . 2 1 1 . . . . . 1 1 1 Worker 18 | . . . . 1 . . 1 . . 1 . . . . . . . . . . . . . . 4 . . 2 . . . . 8 . 1 Builder 10 | . . . 1 . . . . . . . . . . . . . . . . . 1 2 . . 4 1 . . . . . . . . 1 Tunneler 3 | . . . . . . . . . . . . . . . . . . . . . . . . . 1 . . 2 . . . . . . . Hauler 11 | . . . 3 . . . . . . . . . . . . 3 . . . . . . . . 2 . . 2 . . . . 1 . . Recycler 12 | . . . 1 . . . . . . . . . . . . . . . . . . . . . 2 . . 3 . . . . 6 . . Minesweeper 2 | . . . . . . . . . . . . 1 . . . . 1 . . . . . . . . . . . . . . . . . . Mechanic 1 | . . . . . . . . . . . . . . . . . . . . . . . . . . . . . . . . . 1 . . Operator 7 | . . . 2 . . . . . . . . . . . . . . . . . . 1 . . 1 . . 2 . . . . 1 . . Drone 1 | . . . . . . . . . . . . . . . . . . . . . . . . . . . 1 . . . . . . . . Watcher 12 | . . . 2 . . . . . . . . . . . . 2 . . . . 2 1 1 . 1 . . . . . . . 2 . 1 Swarmer 61 | . . . 13 7 . . . . . 4 3 . . . . . . 8 . 5 5 4 2 . . . . 8 . . . . . 2 . Saboteur 1 | . . . . . . . . . . . . . . . . . . . . . . . . . . 1 . . . . . . . . . Grunt 97 | . . 2 21 . . . . . . 3 . 2 . . 3 5 . 2 . 1 7 2 1 1 12 4 . . . . . . 22 . 9 Brawler 3 | . . . . . . . . . . . . . . . . . . . . . . 1 . . . 1 . . . . . . 1 . . Duelist 5 | . . . . . . . . . . . . . . . . . . 1 . . . . . . 1 . . . . . . . 3 . . Protector 2 | . . . . . . . . . . . . . . . . . . . . . . . . . 1 . . . . . . . 1 . . Researcher 3 | . . . . . . . . . . . . . . . . . . . . . . . . . . . . . . . . . . . 3 Sentry 29 | . . . 7 . . . . . . . . 1 . . . 2 . 1 . 1 5 . . . 4 1 . 1 . . . 1 5 . . Hunter 29 | . . . . . . . . 3 . . 1 1 . . . . . . . 3 . 2 . . 3 . . . . . . . 14 . 2 Programmer 38 | . . . . . . . . . . 1 . . . . . . . . . . . . . . 5 4 . 5 . . . . 18 1 4 Behemoth 3 | . . . . . . . . . . . . 1 . . . . . . . . . 1 . . . . . . . . . . . 1 . Compactor 11 | . . . . . . . . . 6 . . . . . . . . . . . . . . . . . 5 . . . . . . . . Cetus Guard 1 | . . . . . . . . . . . . . . . . . . . . . . . 1 . . . . . . . . . . . . Enhanced Grunt 4 | . . . . . . . . . . . . . . . . . . . 4 . . . . . . . . . . . . . . . . Lightning 3 | . . . . . . . . . . . . . . . . . . . . . . . . . 3 . . . . . . . . . . Striker 1 | . . . . . . . . . . . . . . . . . . . . . . . . . . . . . . . . . . 1 . Z-Light 3 | . . . . . . . . . . . . . . 3 . . . . . . . . . . . . . . . . . . . . . Decomposer 1 | . . . . . . . . . . . 1 . . . . . . . . . . . . . . . . . . . . . . . . Assembled 23 | . . 1 . . . . . . . . . . . 22 . . . . . . . . . . . . . . . . . . . . . Golem 21 | . . . . . . . . . . . . . . 21 . . . . . . . . . . . . . . . . . . . . . Thug 1 | . . . . . . . . . . . . . . . . . . . . . . 1 . . . . . . . . . . . . . Guerrilla 1 | . . . . . . . . . . . . . . . . . . . . . . 1 . . . . . . . . . . . . . Best Kill Streak 42 | . . 2 8 3 . . 1 2 3 4 3 2 . 42 3 4 1 4 5 5 6 5 2 1 8 3 1 6 . . . 1 9 3 17 Combat Bots Only 42 | . . 2 5 3 . . . 2 3 4 3 2 . 42 3 4 . 4 4 5 6 4 2 1 6 3 1 5 . . . 1 6 3 13 Max Kills in Single Turn 6 | . . 1 2 3 . . 1 1 1 2 1 1 . 5 1 1 1 3 2 3 3 4 2 1 6 1 1 5 . . . 1 3 1 3 Gunslinging 1 | . . . 1 . . . . . . . . . . . . . . . . . . . 1 . . . . . . . . . . . . Exploded 5 | . . . . 2 . . . . 1 2 1 . . 5 . 1 . 3 1 3 3 3 . . 1 1 . 2 . . . . 3 . 3 Melee 1 | . . . . . . . . . . . . . . . . . . . . . 1 1 . . 1 1 . 1 . . . . . . . Uniques/NPCs Destroyed 2 | . . . . . . . . . . . . . . 1 . . . . 1 . . . . . . . . . . . . . . . . Z-Imprinter (-7/Deep Caves) Data Miner (-6/Data Miner) Combat | -11 -10 -10 -9 -9 -9 -8 -8 -7 -7 -7 -7 -7 -7 -7 -6 -6 -6 -6 -6 -5 -5 -5 -5 -5 -5 -4 -4 -4 -4 -4 -4 -3 -3 -2 -2 -------- Run | Scr Mat Min Mat Min Exi Min Mat Fac Was Fac Low Low Zio Dee Pro Fac Low Low Dat Pro Fac Ext Cet Arc Hub Fac Was Fac Upp Upp War Pro Res Res Qua Damage Taken 26590 | . . 425 1200 88 . . . 148 123 846 76 1055 . 2238 . 455 . 360 . 520 1482 1600 547 666 2429 793 . 277 . . . 127 6858 551 3726 Core 4713 | . . 43 174 10 . . . 46 15 98 14 227 . 203 . 63 . 44 . 128 173 360 40 140 166 171 . 80 . . . . 1064 53 1401 Absorbed by Shields 736 | . . . . . . . . . . . . . . . . 20 . . . . . 212 . . . . . . . . . . 95 184 225 Reduced by Siege Mode 363 | . . . . . . . . . . . . . . . . . . . . . . . 21 . 55 . . . . . . . 219 53 15 Core Remaining (%) 58 | 100 . 82 . . . 54 100 . . . . . . . 13 . . . . 72 . . . . 12 . . . . . . 78 18 . . Volleys Fired 1135 | . . 12 109 10 4 . 3 8 20 22 7 36 . 74 20 63 9 13 . 26 47 23 14 7 99 16 52 44 13 . . 5 296 27 56 Largest 2 | . . 2 2 2 2 . 2 2 2 2 2 2 . 1 1 1 1 1 . 1 1 1 2 2 2 2 2 1 1 . . 1 2 2 2 Hottest 240 | . . 110 128 128 128 . 128 128 60 128 69 83 . 80 57 90 90 90 . 90 57 98 96 70 240 80 70 80 35 . . 80 240 50 120 Shots Fired 1459 | . . 23 205 19 5 . 6 16 40 38 10 51 . 74 20 63 9 13 . 26 47 23 27 14 136 20 104 44 13 . . 5 314 37 57 Gun 632 | . . 21 178 . . . . . . 11 2 12 . 10 . . . . . . . . 21 14 27 8 104 36 13 . . . 140 10 25 Cannon 596 | . . 2 27 19 5 . 6 16 . 25 2 22 . 31 20 46 9 3 . 12 15 18 3 . 95 11 . 2 . . . 3 152 27 25 Launcher 231 | . . . . . . . . . 40 2 6 17 . 33 . 17 . 10 . 14 32 5 3 . 14 1 . 6 . . . 2 22 . 7 Special . | . . . . . . . . . . . . . . . . . . . . . . . . . . . . . . . . . . . . Kinetic 650 | . . . 49 . . . . . . 17 4 34 . 31 20 19 . . . . 15 15 24 14 120 8 104 30 13 . . . 123 10 . Thermal 414 | . . 23 156 19 3 . 6 16 . 16 . . . 10 . 27 9 3 . 12 . 3 . . 2 . . 4 . . . . 53 27 25 Explosive 115 | . . . . . . . . . 40 2 6 . . 3 . 9 . 5 . 5 2 5 . . . 1 . 6 . . . 2 22 . 7 Electromagnetic 264 | . . . . . 2 . . . . 3 . 17 . 30 . 8 . 5 . 9 30 . 3 . 14 11 . 4 . . . 3 100 . 25 Entropic 16 | . . . . . . . . . . . . . . . . . . . . . . . . . . . . . . . . . 16 . . Robot Hit Streak 35 | . . 8 19 7 1 . 4 10 18 4 3 8 . 17 3 8 3 6 . 7 13 11 10 11 19 17 20 9 3 . . 5 18 35 11 Robot Miss Streak 6 | . . 3 3 2 1 . 2 4 1 2 1 2 . 6 1 3 2 1 . 1 2 2 1 1 3 1 4 2 1 . . . 5 1 2 Penetration Max 3 | . . . . . . . . . . . . . . 1 . 1 . . . . . 1 2 . 3 1 1 1 . . . . 1 . . Secondary Targets 8 | . . . 4 . . . . . . . . . . . . . . . . . . . 1 . . 1 1 . . . . . 1 . . Max Gunslinging Chain 1 | . . . 1 . . . . . . . . . . . . . . . . . . . 1 . . 1 1 . . . . . 1 . . Capacitor 82 | . . . . . . . . . . . . . . . . . . . . . . . . . . . . . . . . . 82 . . Shots Hit Robots 1052 | . . 15 150 11 1 . 3 12 31 21 4 35 . 47 5 23 1 9 1 7 41 25 21 11 110 43 76 57 9 . . 3 211 28 41 Core Hits 834 | . . 7 57 9 1 . 1 6 16 13 8 15 . 177 4 30 2 24 15 18 32 31 11 3 89 18 20 42 5 . . . 124 9 47 Critical Hits 183 | . . . 2 1 . . . 1 . . . . . 20 2 3 . . . . 7 10 10 . 52 7 33 11 6 . . 1 15 . 2 Critical Kills 71 | . . . . . . . . . . . . . . 17 2 1 . . . . 2 1 2 . 24 3 6 4 4 . . . 5 . . Critical Parts Destroyed 80 | . . . 2 1 . . . 1 . . . . . 3 . 2 . . . . 2 6 7 . 28 4 4 6 2 . . . 10 . 2 Melee Attacks 164 | . . . . . . . . . . . . . . . . . . . 1 . 37 16 . . 11 49 . 50 . . . . . . . Impact . | . . . . . . . . . . . . . . . . . . . . . . . . . . . . . . . . . . . . Slashing 164 | . . . . . . . . . . . . . . . . . . . 1 . 37 16 . . 11 49 . 50 . . . . . . . Piercing . | . . . . . . . . . . . . . . . . . . . . . . . . . . . . . . . . . . . . Sneak Attacks 14 | . . . . . . . . . . . . . . . . . . . 1 . . 1 . . 3 . . 9 . . . . . . . Combat Hostiles . | . . . . . . . . . . . . . . . . . . . . . . . . . . . . . . . . . . . . Follow-up Attacks . | . . . . . . . . . . . . . . . . . . . . . . . . . . . . . . . . . . . . Damage Inflicted 54514 | . . 184 2576 502 22 . 66 287 4712 1018 336 856 . 4071 132 1760 102 931 825 921 2248 2507 895 259 4208 1609 971 3906 94 . . 87 13394 1091 3944 Guns 10458 | . . 167 2217 . . . . . . 120 13 155 . 118 . . . . . . . . 575 259 406 58 971 376 94 . . . 3936 240 753 Cannons 13070 | . . 17 359 265 22 . 66 287 . 345 38 354 . 697 132 621 102 71 . . 272 373 81 . 1388 510 . 149 . . . 87 5154 851 829 Explosions 26695 | . . . . 237 . . . . 4712 553 285 347 . 3256 . 1139 . 860 684 921 1566 1767 239 . 1871 82 . 1578 . . . . 4253 . 2345 Melee 4223 | . . . . . . . . . . . . . . . . . . . 141 . 410 367 . . 543 959 . 1803 . . . . . . . Ramming 68 | . . . . . . . . . . . . . . . . . . . . . . . . . . . . . . . . . 51 . 17 Kinetic 9739 | . . . 554 . . . . . . 205 51 509 . 697 132 125 . . . . 272 259 656 259 1678 58 971 228 94 . . . 2751 240 . Thermal 9231 | . . 184 2022 502 22 . 66 287 . 446 . 25 . 156 . 723 102 114 . 74 283 114 . . 237 . . 702 . . . . 1492 851 829 Explosive 16561 | . . . . . . . . . 4712 323 285 . . 448 . 477 . 418 . 329 212 1767 . . . 82 . 972 . . . . 4191 . 2345 Electromagnetic 13940 | . . . . . . . . . . 44 . 322 . 2770 . 435 . 399 684 518 1071 . 239 . 1750 510 . 201 . . . 87 4157 . 753 Impact . | . . . . . . . . . . . . . . . . . . . . . . . . . . . . . . . . . . . . Slashing 4223 | . . . . . . . . . . . . . . . . . . . 141 . 410 367 . . 543 959 . 1803 . . . . . . . Piercing . | . . . . . . . . . . . . . . . . . . . . . . . . . . . . . . . . . . . . Entropic 752 | . . . . . . . . . . . . . . . . . . . . . . . . . . . . . . . . . 752 . . Highest Corruption 18 | . . . 2 2 2 2 . . 17 18 18 18 18 . . . . . . . 1 1 1 . 4 1 . 3 . . . . 14 . 2 Average Corruption 7 | . . . 2 2 2 2 . . 13 17 18 18 18 . . . . . . . 1 1 1 . 4 1 . 1 . . . . 8 . 1 Corruption Purged 8 | . . . . . . . . . . . . . . . . . . . . . . . 1 . . 1 . 3 . . . . 3 . . Effects 335 | . . . 1 9 10 3 . . 18 61 20 85 8 . . . . . . . 3 4 1 . . 3 . 7 . . . . 100 . 2 Message Errors 52 | . . . . 2 3 1 . . 3 5 5 16 . . . . . . . . 2 2 . . . 2 . 2 . . . . 9 . . Matter Fused 60 | . . . . . . . . . 6 10 5 16 4 . . . . . . . . . . . . . . 3 . . . . 16 . . Heat Flow Errors 26 | . . . 1 3 3 . . . 1 5 1 8 . . . . . . . . . . . . . . . . . . . . 4 . . Energy Discharges 32 | . . . . 1 1 . . . 1 5 1 4 2 . . . . . . . . . 1 . . . . 1 . . . . 14 . 1 Parts Rejected 2 | . . . . . . . . . . . . . . . . . . . . . . . . . . . . . . . . . 2 . . Data Loss (minor) 30 | . . . . 2 2 2 . . . 7 2 3 . . . . . . . . 1 . . . . . . . . . . . 11 . . Data Loss (major) 9 | . . . . . . . . . 2 2 . 3 . . . . . . . . . . . . . . . . . . . . 2 . . Misfires 10 | . . . . . . . . . . 2 2 2 . . . . . . . . . . . . . . . . . . . . 4 . . Alerts 4 | . . . . . . . . . . 2 . . . . . . . . . . . . . . . . . . . . . . 2 . . Misdirections 53 | . . . . . . . . . 1 15 3 24 2 . . . . . . . . . . . . . . . . . . . 8 . . Targeting Errors 51 | . . . . . . . . . 4 6 1 9 . . . . . . . . . 2 . . . 1 . 1 . . . . 26 . 1 Weapon Failures 6 | . . . . 1 1 . . . . 2 . . . . . . . . . . . . . . . . . . . . . . 2 . . Overload Shots 7 | . . . . . . . . . . . . . . . . . . . . . . . . . 2 . . . . . . . 5 . . Effects 1 | . . . . . . . . . . . . . . . . . . . . . . . . . . . . . . . . . 1 . . Heat Surge 1 | . . . . . . . . . . . . . . . . . . . . . . . . . . . . . . . . . 1 . . Overflow Damage 2327 | . . . . 42 . . . . . 71 . 47 . 23 . 124 12 7 . 8 119 235 . . 283 46 . 519 . . . . 515 21 255 Projectiles 390 | . . . . 2 . . . . . 2 . 13 . . . 42 12 . . . . . . . . . . . . . . . 209 21 89 Explosions 1236 | . . . . 40 . . . . . 69 . 34 . 23 . 82 . 7 . 8 107 163 . . 26 . . 205 . . . . 306 . 166 Melee 701 | . . . . . . . . . . . . . . . . . . . . . 12 72 . . 257 46 . 314 . . . . . . . Knockbacks 34 | . . . . . . . . . . . . 2 . 1 . . . . . . 1 . . . 15 . . . . . . . 15 . . Impact . | . . . . . . . . . . . . . . . . . . . . . . . . . . . . . . . . . . . . Kinetic 34 | . . . . . . . . . . . . 2 . 1 . . . . . . 1 . . . 15 . . . . . . . 15 . . Secondary . | . . . . . . . . . . . . . . . . . . . . . . . . . . . . . . . . . . . . Self-Inflicted Damage 1236 | . . . . 61 . . . . 130 305 . 1 . 78 . . . 84 . 41 12 12 . . 7 55 . . . . . 23 358 . 69 Shots 43 | . . . . 2 . . . . 10 6 . 1 . 4 . . . 3 . 1 1 1 . . 4 1 . . . . . 1 7 . 1 Rammed 12 | . . . . . . . . . . . . . . . . . . . . . . . . . . . . . . . . . 5 . 7 Targets Rammed 12 | . . . . . . . . . . . . . . . . . . . . . . . . . . . . . . . . . 5 . 7 Kicked . | . . . . . . . . . . . . . . . . . . . . . . . . . . . . . . . . . . . . Crushed . | . . . . . . . . . . . . . . . . . . . . . . . . . . . . . . . . . . . . Highest Temperature 539 | . . 165 480 144 243 . 30 24 255 401 107 247 . 362 266 120 80 6 . 235 281 246 63 . 539 12 4 100 . . 4 135 451 . 324 Average Temperature 84 | . . 61 95 30 82 . 20 13 141 160 56 92 . 142 135 38 39 4 . 109 82 45 24 . 131 12 4 23 . . 4 52 108 . 95 Received Heat Transfer 3975 | . . 45 444 . . . . 6 . 171 . 150 . 461 . 200 . 36 . 54 270 245 105 . 414 84 . . . . . 18 660 108 504 Effects 24 | . . . 4 . . . . . 1 2 . . . . 1 . . . . . . . . . 9 . . . . . . . 7 . . Shutdowns 5 | . . . 2 . . . . . . 1 . . . . . . . . . . . . . . . . . . . . . . 2 . . Energy Bleed 4 | . . . . . . . . . 1 . . . . . 1 . . . . . . . . . 1 . . . . . . . 1 . . Interference 8 | . . . . . . . . . . . . . . . . . . . . . . . . . 6 . . . . . . . 2 . . Matter Decay 2 | . . . 1 . . . . . . . . . . . . . . . . . . . . . 1 . . . . . . . . . . Short Circuit 2 | . . . . . . . . . . . . . . . . . . . . . . . . . . . . . . . . . 2 . . Damage (minor) 3 | . . . 1 . . . . . . 1 . . . . . . . . . . . . . . 1 . . . . . . . . . . Siege Activations 17 | . . . . . . . . . . . . . . . . . . . . . . . 2 . 10 . . . . . . . 2 2 1 Total Turns 356 | . . . . . . . . . . . . . . . . . . . . . . . 28 . 210 . . . . . . . 63 44 11 Longest Duration 40 | . . . . . . . . . . . . . . . . . . . . . . . 20 . 40 . . . . . . . 40 23 11 Robots Corrupted 47 | . . . . . . . . . . . . 1 . 4 . 2 . . 3 1 4 . . . 3 3 . . . . . 1 23 . 2 Combat Hostiles 45 | . . . . . . . . . . . . 1 . 4 . 2 . . 3 1 4 . . . 3 3 . . . . . 1 22 . 1 Parts Fried 81 | . . . . . . . . . . . . . . 1 . 3 . 1 3 2 8 1 . . 4 4 . . . . . 2 48 . 4 Impact Corruptions . | . . . . . . . . . . . . . . . . . . . . . . . . . . . . . . . . . . . . Robots Melted 2 | . . . 2 . . . . . . . . . . . . . . . . . . . . . . . . . . . . . . . . Combat Hostiles 2 | . . . 2 . . . . . . . . . . . . . . . . . . . . . . . . . . . . . . . . Parts Melted 24 | . . . 9 . . . . 1 . . . . . 1 . 1 . . . . . 1 . . 1 1 . . . . . . 9 . . Heat Transferred 11706 | . . 483 4255 744 37 . 111 481 . 520 . 50 . 173 . 900 150 150 . 100 200 111 . . 250 . . 611 . . . . 1469 425 486 Parts Sabotaged 4 | . . . . . . . . . . . . . . . . . . . . . . . . . . . . . . . . . 4 . . Parts Stolen . | . . . . . . . . . . . . . . . . . . . . . . . . . . . . . . . . . . . . Parts Stripped . | . . . . . . . . . . . . . . . . . . . . . . . . . . . . . . . . . . . . Power Chain Reactions 14 | . . . . . . . . . . 1 . 3 . 2 . 2 . 2 . 1 . . . . 2 . . . . . . . 1 . . Missiles Intercepted . | . . . . . . . . . . . . . . . . . . . . . . . . . . . . . . . . . . . . Alert | -11 -10 -10 -9 -9 -9 -8 -8 -7 -7 -7 -7 -7 -7 -7 -6 -6 -6 -6 -6 -5 -5 -5 -5 -5 -5 -4 -4 -4 -4 -4 -4 -3 -3 -2 -2 ------- Run | Scr Mat Min Mat Min Exi Min Mat Fac Was Fac Low Low Zio Dee Pro Fac Low Low Dat Pro Fac Ext Cet Arc Hub Fac Was Fac Upp Upp War Pro Res Res Qua Peak Influence 1278 | . . 65 715 350 . . 70 256 113 317 . . . . . 391 . . . . 1087 861 449 587 898 822 72 512 . . . . 1278 1114 1082 Average Influence 390 | . . 38 442 256 . . 21 119 87 188 . . . . . 245 . . . . 665 575 323 329 302 476 64 168 . . . . 628 829 659 Maximum Alert Level 4 | . . . 3 1 . . . 1 . 1 . . . . . 1 . . . . 3 3 2 2 3 3 . 2 . . . . 4 4 3 Low Security (%) 32 | 100 100 100 13 1 . 100 100 96 100 45 . . . . . 35 . . . . 5 . 9 24 51 2 100 67 . . . . 16 . . Level 1 22 | . . . 19 98 . . . 3 . 54 . . . . . 64 . . . . 9 20 50 40 19 5 . 19 . . . . 18 . . Level 2 27 | . . . 56 . . . . . . . . . . . . . . . . . 36 43 39 34 7 92 . 12 . . . . 24 15 65 Level 3 15 | . . . 9 . . . . . . . . . . . . . . . . . 49 35 . . 20 . . . . . . . 26 83 34 Level 4 2 | . . . . . . . . . . . . . . . . . . . . . . . . . . . . . . . . . 14 1 . Level 5 . | . . . . . . . . . . . . . . . . . . . . . . . . . . . . . . . . . . . . High Security . | . . . . . . . . . . . . . . . . . . . . . . . . . . . . . . . . . . . . Max Security . | . . . . . . . . . . . . . . . . . . . . . . . . . . . . . . . . . . . . Squads Dispatched 75 | . . . 6 . . . 1 2 . 2 . . . . . 3 . . . . 8 3 1 . 7 5 . 8 . . . . 17 1 11 Investigation 19 | . . . 1 . . . 1 1 . . . . . . . 3 . . . . 4 3 1 . 1 2 . 1 . . . . . 1 . Extermination 14 | . . . . . . . . 1 . 1 . . . . . . . . . . . . . . 1 2 . 3 . . . . 5 . 1 Reinforcement 29 | . . . 4 . . . . . . 1 . . . . . . . . . . 2 . . . 5 . . 4 . . . . 4 . 9 Assault 9 | . . . 1 . . . . . . . . . . . . . . . . . 1 . . . . 1 . . . . . . 5 . 1 Garrison 4 | . . . . . . . . . . . . . . . . . . . . . 1 . . . . . . . . . . . 3 . . Intercept . | . . . . . . . . . . . . . . . . . . . . . . . . . . . . . . . . . . . . Construction Impeded 7 | . . . 1 . . . . . . . . . . . . . . . . . . . . . 2 . . 1 . . . . 2 . 1 Haulers Reinforced 3 | . . . . . . . . . . 1 . . . . . . . . . . 1 . . . . . . 1 . . . . . . . Stealth | -11 -10 -10 -9 -9 -9 -8 -8 -7 -7 -7 -7 -7 -7 -7 -6 -6 -6 -6 -6 -5 -5 -5 -5 -5 -5 -4 -4 -4 -4 -4 -4 -3 -3 -2 -2 --------- Run | Scr Mat Min Mat Min Exi Min Mat Fac Was Fac Low Low Zio Dee Pro Fac Low Low Dat Pro Fac Ext Cet Arc Hub Fac Was Fac Upp Upp War Pro Res Res Qua Distress Signals 30 | . . . 5 . . . . . . . . . . . . 1 . . . . 2 2 2 . 5 . . 1 . . . . 4 7 1 Communications Jammed 329 | . . . . . . . . . . . . . . . . . . . . . . 272 . . . . . . . . . . 57 . . Distress Signals 329 | . . . . . . . . . . . . . . . . . . . . . . 272 . . . . . . . . . . 57 . . Times Spotted 607 | . . 6 68 9 . . 3 8 6 8 4 6 . 79 6 20 . 8 . 11 27 33 20 2 44 23 8 25 . . 2 1 123 12 45 Peak Tracking Total 38 | . . 2 5 3 . . 1 3 4 4 3 2 . 38 4 5 . 5 . 6 6 8 6 2 10 7 4 6 . . 1 1 10 6 20 Tactical Retreats 54 | . . 1 4 . . . . . . . . 1 . 4 . 5 . . . . 8 1 . . 5 5 3 2 . . . . 10 2 3 Traps | -11 -10 -10 -9 -9 -9 -8 -8 -7 -7 -7 -7 -7 -7 -7 -6 -6 -6 -6 -6 -5 -5 -5 -5 -5 -5 -4 -4 -4 -4 -4 -4 -3 -3 -2 -2 ------- Run | Scr Mat Min Mat Min Exi Min Mat Fac Was Fac Low Low Zio Dee Pro Fac Low Low Dat Pro Fac Ext Cet Arc Hub Fac Was Fac Upp Upp War Pro Res Res Qua Traps Triggered 20 | . . . 2 . . . . 2 . . . . . 1 . . . . 3 . 3 2 . . 3 2 . 1 . . . . 1 . . Indirectly 8 | . . . . . . . . . . . . . . 1 . . . . 3 . 1 . . . 3 . . . . . . . . . . Trap Hack Attempts . | . . . . . . . . . . . . . . . . . . . . . . . . . . . . . . . . . . . . Triggered . | . . . . . . . . . . . . . . . . . . . . . . . . . . . . . . . . . . . . Disarmed 4 | . . . . . . . . . . . . . . . . . . . . . . 4 . . . . . . . . . . . . . Reprogrammed . | . . . . . . . . . . . . . . . . . . . . . . . . . . . . . . . . . . . . Reused 2 | . . . . . . . . . . . . . . 1 . . . . 1 . . . . . . . . . . . . . . . . Traps Extracted . | . . . . . . . . . . . . . . . . . . . . . . . . . . . . . . . . . . . . Installed 8 | . . . . . . . . . . . . . . 4 . . . . 4 . . . . . . . . . . . . . . . . Triggered 11 | . . . . . . . . . . . 1 4 . . . . . . . . . . . . . . . . . . 6 . . . . Machines | -11 -10 -10 -9 -9 -9 -8 -8 -7 -7 -7 -7 -7 -7 -7 -6 -6 -6 -6 -6 -5 -5 -5 -5 -5 -5 -4 -4 -4 -4 -4 -4 -3 -3 -2 -2 ---------- Run | Scr Mat Min Mat Min Exi Min Mat Fac Was Fac Low Low Zio Dee Pro Fac Low Low Dat Pro Fac Ext Cet Arc Hub Fac Was Fac Upp Upp War Pro Res Res Qua Machines Disabled 78 | . . . . 4 1 . 1 4 . 9 . . . 2 . 6 . . 1 . 5 6 2 2 9 . . 19 . . . . 4 2 1 Max in Single Turn 19 | . . . . 4 1 . . . . 8 . . . 1 . 5 . . 1 . 4 1 . 1 5 . . 19 . . . . 2 1 1 Garrison Access 7 | . . . . . . . . . . . . . . . . . . . . . 2 . . . 1 1 . 1 . . . . 1 . 1 Network Hub 2 | . . . . . . . . . . . . . . . . . . . . . . . . . 2 . . . . . . . . . . Machines Sabotaged . | . . . . . . . . . . . . . . . . . . . . . . . . . . . . . . . . . . . . Garrisons Compromised . | . . . . . . . . . . . . . . . . . . . . . . . . . . . . . . . . . . . . Overloaded Fab Kills . | . . . . . . . . . . . . . . . . . . . . . . . . . . . . . . . . . . . . Fab Network Shutdowns 5 | . . . . . . . . . . . . . . . . . . . . . 1 . . . . 1 . 1 . . . . 1 1 . Hacking | -11 -10 -10 -9 -9 -9 -8 -8 -7 -7 -7 -7 -7 -7 -7 -6 -6 -6 -6 -6 -5 -5 -5 -5 -5 -5 -4 -4 -4 -4 -4 -4 -3 -3 -2 -2 --------- Run | Scr Mat Min Mat Min Exi Min Mat Fac Was Fac Low Low Zio Dee Pro Fac Low Low Dat Pro Fac Ext Cet Arc Hub Fac Was Fac Upp Upp War Pro Res Res Qua Machines Accessed 103 | . 1 . 2 . 1 . 6 2 . 5 1 . . . . 7 . . 4 . 10 12 2 . 7 10 . 8 . . 3 . 13 1 8 Terminals 63 | . 1 . 1 . . . 6 2 . 4 . . . . . 5 . . . . 4 12 2 . 6 5 . 4 . . . . 6 . 5 Fabricators 8 | . . . . . . . . . . 1 . . . . . . . . . . 1 . . . . 2 . 1 . . . . 2 1 . Repair Stations 10 | . . . . . . . . . . . . . . . . . . . . . 3 . . . . 2 . 2 . . . . 3 . . Recycling Units 1 | . . . . . . . . . . . . . . . . . . . . . . . . . . . . . . . . . 1 . . Scanalyzers 4 | . . . 1 . . . . . . . . . . . . 1 . . . . . . . . . . . . . . . . . . 2 Garrison Access 8 | . . . . . . . . . . . . . . . . 1 . . . . 2 . . . 1 1 . 1 . . . . 1 . 1 Total Hacks 492 | . 1 . 6 . 4 . 16 3 . 18 1 . . . . 19 . . 28 . 31 54 11 . 13 93 . 59 . . 6 . 83 11 35 Successful 297 | . . . 4 . 4 . 5 3 . 12 1 . . . . 4 . . 28 . 16 32 8 . 9 60 . 43 . . 6 . 41 3 18 Failed 192 | . 1 . 2 . . . 11 . . 6 . . . . . 15 . . . . 15 21 2 . 4 32 . 16 . . . . 42 8 17 Catastrophic 31 | . 1 . 1 . . . 1 . . . . . . . . 2 . . . . 2 3 . . . 6 . 3 . . . . 9 2 1 Database Lockouts 3 | . . . . . . . . . . . . . . . . . . . . . . 1 1 . . 1 . . . . . . . . . Manual 217 | . 1 . . . 1 . 2 1 . 6 . . 5 . . 3 . . . . 10 34 12 . 4 46 . 32 . . 1 . 42 . 17 Terminals 321 | . 1 . 2 . . . 16 3 . 14 . . . . . 13 . . . . 17 54 11 . 12 59 . 41 . . . . 55 . 23 Fabricators 56 | . . . . . . . . . . 4 . . . . . . . . . . 4 . . . . 17 . 10 . . . . 10 11 . Repair Stations 45 | . . . . . . . . . . . . . . . . . . . . . 7 . . . . 16 . 7 . . . . 15 . . Recycling Units 2 | . . . . . . . . . . . . . . . . . . . . . . . . . . . . . . . . . 2 . . Scanalyzers 19 | . . . 4 . . . . . . . . . . . . 4 . . . . . . . . . . . . . . . . . . 11 Garrison Access 10 | . . . . . . . . . . . . . . . . 2 . . . . 3 . . . 1 1 . 1 . . . . 1 . 1 Terminal Hacks 178 | . . . 1 . 4 . 4 2 . 8 1 . . . . 3 . . 28 . 3 28 7 . 5 28 . 23 . . 6 . 21 . 6 Record 15 | . . . . . 4 . . . . . . . . . . . . . 11 . . . . . . . . . . . . . . . . Part Schematic 21 | . . . . . . . . . . 1 . . . . . . . . 7 . . 7 . . . 3 . 2 . . . . 1 . . Robot Schematic 7 | . . . . . . . . . . . . . . . . . . . 7 . . . . . . . . . . . . . . . . Robot Analysis 11 | . . . . . . . . . . . . . . . . . . . . . . . 1 . . 6 . 1 . . . . 3 . . Prototype ID Bank 19 | . . . . . . . . 1 . 2 . . . . . . . . 3 . . 2 . . 1 1 . 2 . . 4 . 2 . 1 Open Door 10 | . . . . . . . . . . . 1 . . . . . . . . . 1 6 . . . . . . . . 2 . . . . Level Access Points 1 | . . . 1 . . . . . . . . . . . . . . . . . . . . . . . . . . . . . . . . Branch Access Points 6 | . . . . . . . 1 . . 1 . . . . . 1 . . . . 1 . . . . 1 . . . . . . 1 . . Terminal Index 5 | . . . . . . . 1 . . . . . . . . . . . . . . 1 . . . 1 . . . . . . 1 . 1 Fabricator Index 5 | . . . . . . . . . . 1 . . . . . . . . . . 1 . . . . 1 . 1 . . . . 1 . . Repair Station Index 2 | . . . . . . . . . . . . . . . . . . . . . . . . . . 1 . 1 . . . . . . . Scanalyzer Index 1 | . . . . . . . . . . . . . . . . . . . . . . . . . . 1 . . . . . . . . . Alert Level 11 | . . . . . . . . . . . . . . . . . . . . . . 2 1 . . 3 . 3 . . . . 1 . 1 Unreport Threat 23 | . . . . . . . 1 . . . . . . . . . . . . . . 4 4 . 2 4 . 3 . . . . 5 . . Locate Traps 13 | . . . . . . . . 1 . 3 . . . . . 1 . . . . . 2 . . 2 2 . 1 . . . . 1 . . Disarm Traps 1 | . . . . . . . . . . . . . . . . . . . . . . 1 . . . . . . . . . . . . . Dispatch Records 2 | . . . . . . . . . . . . . . . . . . . . . . . . . . . . 1 . . . . 1 . . Recall Investigation 6 | . . . . . . . . . . . . . . . . . . . . . . 3 1 . . 1 . 1 . . . . . . . Recall Extermination 1 | . . . . . . . . . . . . . . . . . . . . . . . . . . . . 1 . . . . . . . Recall Reinforcements 6 | . . . . . . . . . . . . . . . . . . . . . . . . . . . . 4 . . . . 1 . 1 Recall Assault 2 | . . . . . . . . . . . . . . . . . . . . . . . . . . . . . . . . . 1 . 1 Hauler Manifests 6 | . . . . . . . 1 . . . . . . . . 1 . . . . . . . . . 1 . 1 . . . . 1 . 1 Registered Components 1 | . . . . . . . . . . . . . . . . . . . . . . . . . . 1 . . . . . . . . . Registered Prototypes 1 | . . . . . . . . . . . . . . . . . . . . . . . . . . . . . . . . . 1 . . Zone Layout 2 | . . . . . . . . . . . . . . . . . . . . . . . . . . 1 . 1 . . . . . . . Fabricator Hacks 29 | . . . . . . . . . . 3 . . . . . . . . . . 2 . . . . 7 . 7 . . . . 7 3 . Load Schematic 14 | . . . . . . . . . . 1 . . . . . . . . . . 1 . . . . 4 . 3 . . . . 3 2 . Build 15 | . . . . . . . . . . 2 . . . . . . . . . . 1 . . . . 3 . 4 . . . . 4 1 . Repair Station Hacks 33 | . . . . . . . . . . . . . . . . . . . . . 7 . . . . 15 . 6 . . . . 5 . . Scan Component 18 | . . . . . . . . . . . . . . . . . . . . . 4 . . . . 8 . 3 . . . . 3 . . Repair 15 | . . . . . . . . . . . . . . . . . . . . . 3 . . . . 7 . 3 . . . . 2 . . Recycling Unit Hacks 2 | . . . . . . . . . . . . . . . . . . . . . . . . . . . . . . . . . 2 . . Retrieve Components 2 | . . . . . . . . . . . . . . . . . . . . . . . . . . . . . . . . . 2 . . Scanalyzer 8 | . . . 3 . . . . . . . . . . . . 1 . . . . . . . . . . . . . . . . . . 4 Insert Component 5 | . . . 1 . . . . . . . . . . . . 1 . . . . . . . . . . . . . . . . . . 3 Analyze 3 | . . . 2 . . . . . . . . . . . . . . . . . . . . . . . . . . . . . . . 1 Garrison Access Hacks 6 | . . . . . . . . . . . . . . . . . . . . . 1 . . . 1 1 . 1 . . . . 1 . 1 Seal Access 6 | . . . . . . . . . . . . . . . . . . . . . 1 . . . 1 1 . 1 . . . . 1 . 1 Unauthorized Hacks 41 | . . . . . . . 1 1 . 1 . . . . . . . . . . 3 4 1 . 3 9 . 6 . . . . 5 . 7 Terminals 34 | . . . . . . . 1 1 . 1 . . . . . . . . . . 2 4 1 . 3 6 . 4 . . . . 5 . 6 Track 3 | . . . . . . . . . . . . . . . . . . . . . . . . . 1 . . 1 . . . . 1 . . Assimilate 5 | . . . . . . . . . . . . . . . . . . . . . . . . . . 3 . . . . . . 1 . 1 Botnet 24 | . . . . . . . 1 1 . 1 . . . . . . . . . . 2 4 1 . 2 2 . 3 . . . . 3 . 4 Operators 2 | . . . . . . . . . . . . . . . . . . . . . . . . . . 1 . . . . . . . . 1 Fabricators 5 | . . . . . . . . . . . . . . . . . . . . . . . . . . 3 . 2 . . . . . . . Report 2 | . . . . . . . . . . . . . . . . . . . . . . . . . . 1 . 1 . . . . . . . Siphon 3 | . . . . . . . . . . . . . . . . . . . . . . . . . . 2 . 1 . . . . . . . Repair Stations . | . . . . . . . . . . . . . . . . . . . . . . . . . . . . . . . . . . . . Recycling Units . | . . . . . . . . . . . . . . . . . . . . . . . . . . . . . . . . . . . . Scanalyzers 1 | . . . . . . . . . . . . . . . . . . . . . . . . . . . . . . . . . . . 1 Researchers 1 | . . . . . . . . . . . . . . . . . . . . . . . . . . . . . . . . . . . 1 Garrison Access 1 | . . . . . . . . . . . . . . . . . . . . . 1 . . . . . . . . . . . . . . Jam 1 | . . . . . . . . . . . . . . . . . . . . . 1 . . . . . . . . . . . . . . Data Cores Recovered . | . . . . . . . . . . . . . . . . . . . . . . . . . . . . . . . . . . . . Used . | . . . . . . . . . . . . . . . . . . . . . . . . . . . . . . . . . . . . Hacking Detections 75 | . 1 . 2 . . . 5 2 . 5 . . . . . 7 . . . . 7 11 2 . 6 8 . 4 . . . . 9 1 5 Full Trace Events 12 | . . . . . . . 2 . . . . . . . . 3 . . . . 2 2 . . . 1 . 1 . . . . . 1 . Feedback Events 1 | . . . . . . . . . . . . . . . . . . . . . 1 . . . . . . . . . . . . . . Corruption 1 | . . . . . . . . . . . . . . . . . . . . . 1 . . . . . . . . . . . . . . Feedback Blocked . | . . . . . . . . . . . . . . . . . . . . . . . . . . . . . . . . . . . . Robot Schematics Acquired 7 | . . . . . . . . . . . . . . . . . . . 7 . . . . . . . . . . . . . . . . Robots Built . | . . . . . . . . . . . . . . . . . . . . . . . . . . . . . . . . . . . . Matter . | . . . . . . . . . . . . . . . . . . . . . . . . . . . . . . . . . . . . Time . | . . . . . . . . . . . . . . . . . . . . . . . . . . . . . . . . . . . . Total Robot Build Rating . | . . . . . . . . . . . . . . . . . . . . . . . . . . . . . . . . . . . . Part Schematics Acquired 23 | . . . 1 . . . . . . 1 . . . . . . . . 7 . . 7 . . . 3 . 2 . . . . 1 . 1 Parts Built 17 | . . . . . . . . . . 4 . . . . . . . . . . 1 . . . . 3 . 6 . . . . 2 1 . Matter 3046 | . . . . . . . . . . 424 . . . . . . . . . . 318 . . . . 639 . 810 . . . . 570 285 . Time 1180 | . . . . . . . . . . 106 . . . . . . . . . . 84 . . . . 228 . 560 . . . . 152 50 . Total Part Build Rating 102 | . . . . . . . . . . 24 . . . . . . . . . . 6 . . . . 15 . 42 . . . . 10 5 . Parts Repaired 15 | . . . . . . . . . . . . . . . . . . . . . 3 . . . . 7 . 3 . . . . 2 . . Time 688 | . . . . . . . . . . . . . . . . . . . . . 128 . . . . 414 . 66 . . . . 80 . . Parts Recycled . | . . . . . . . . . . . . . . . . . . . . . . . . . . . . . . . . . . . . Recycled Matter . | . . . . . . . . . . . . . . . . . . . . . . . . . . . . . . . . . . . . Retrieved Matter . | . . . . . . . . . . . . . . . . . . . . . . . . . . . . . . . . . . . . Retrieved Components 9 | . . . . . . . . . . . . . . . . . . . . . . . . . . . . . . . . . 9 . . Parts Scanalyzed 3 | . . . 1 . . . . . . . . . . . . 1 . . . . . . . . . . . . . . . . . . 1 Part Schematics Acquired 2 | . . . 1 . . . . . . . . . . . . . . . . . . . . . . . . . . . . . . . 1 Parts Damaged . | . . . . . . . . . . . . . . . . . . . . . . . . . . . . . . . . . . . . Bothacking | -11 -10 -10 -9 -9 -9 -8 -8 -7 -7 -7 -7 -7 -7 -7 -6 -6 -6 -6 -6 -5 -5 -5 -5 -5 -5 -4 -4 -4 -4 -4 -4 -3 -3 -2 -2 ------------ Run | Scr Mat Min Mat Min Exi Min Mat Fac Was Fac Low Low Zio Dee Pro Fac Low Low Dat Pro Fac Ext Cet Arc Hub Fac Was Fac Upp Upp War Pro Res Res Qua Used RIF Installer . | . . . . . . . . . . . . . . . . . . . . . . . . . . . . . . . . . . . . Robots Hacked . | . . . . . . . . . . . . . . . . . . . . . . . . . . . . . . . . . . . . Non-combat . | . . . . . . . . . . . . . . . . . . . . . . . . . . . . . . . . . . . . Combat . | . . . . . . . . . . . . . . . . . . . . . . . . . . . . . . . . . . . . Robot Hacks Applied . | . . . . . . . . . . . . . . . . . . . . . . . . . . . . . . . . . . . . Relay Couplers Released 7 | . . . . . . . . . . . . . . . . . . . . . . . . . 3 . . . . . . . 4 . . Programmers 7 | . . . . . . . . . . . . . . . . . . . . . . . . . 3 . . . . . . . 4 . . Robots Rewired 25 | . . . . . 4 . . . . . . . . . . . . . . . . 19 . . . . . . . . 2 . . . . Allies Hacked 3 | . . . . . . . . . . . . . . . . . . . . . . . 2 . . . . . . . . . . . 1 Hacks Repelled 4 | . . . . . . . . . . . . . . . . . . . . . . . . . . . . 4 . . . . . . . Allies | -11 -10 -10 -9 -9 -9 -8 -8 -7 -7 -7 -7 -7 -7 -7 -6 -6 -6 -6 -6 -5 -5 -5 -5 -5 -5 -4 -4 -4 -4 -4 -4 -3 -3 -2 -2 -------- Run | Scr Mat Min Mat Min Exi Min Mat Fac Was Fac Low Low Zio Dee Pro Fac Low Low Dat Pro Fac Ext Cet Arc Hub Fac Was Fac Upp Upp War Pro Res Res Qua Total Allies 50 | . . 2 . 3 4 . . . . . . . 2 . . . . . . . . 27 2 3 . 1 . . . . 2 . 1 . 3 Largest Group 15 | . . 2 . 3 6 6 6 6 . . . . 2 2 2 . . . . . . 15 15 8 . 1 1 1 . . 2 . 1 . 2 Highest-Rated Group 580 | . . 44 . 40 82 82 82 82 . . . . 188 188 188 . . . . . . 580 580 562 . 10 10 10 . . 105 . 26 . 109 Highest-Rated Ally 156 | . . 31 . 16 21 21 21 21 . . . . 94 94 94 . . . . . . 156 144 122 . 10 10 10 . . 56 . 26 . 65 Total Orders 29 | . . . . . . . . . . . . . . . . . . . . . 4 . . . . . 3 17 . . . . 1 . 4 STAY 1 | . . . . . . . . . . . . . . . . . . . . . . . . . . . . . . . . . . . 1 GOTO 14 | . . . . . . . . . . . . . . . . . . . . . . . . . . . 2 9 . . . . 1 . 2 FOLLOW 6 | . . . . . . . . . . . . . . . . . . . . . . . . . . . 1 4 . . . . . . 1 EXPLORE 8 | . . . . . . . . . . . . . . . . . . . . . 4 . . . . . . 4 . . . . . . . Ally Attacks 584 | . . 4 . 11 . . 16 10 . . . . . 168 17 . . . . . . 150 150 57 . . . . . . 1 . . . . Total Damage 15575 | . . 62 . 88 . . 207 709 . . . . . 5829 657 . . . . . . 3444 3039 1540 . . . . . . . . . . . Kills 92 | . . 1 . 2 . . 2 7 . . . . . 29 3 . . . . . . 20 18 10 . . . . . . . . . . . Allies Corrupted 1 | . . . . . . . . . . . . . . . . . . . . . . . . . . . . 1 . . . . . . . Allies Melted . | . . . . . . . . . . . . . . . . . . . . . . . . . . . . . . . . . . . . Intel | -11 -10 -10 -9 -9 -9 -8 -8 -7 -7 -7 -7 -7 -7 -7 -6 -6 -6 -6 -6 -5 -5 -5 -5 -5 -5 -4 -4 -4 -4 -4 -4 -3 -3 -2 -2 ------- Run | Scr Mat Min Mat Min Exi Min Mat Fac Was Fac Low Low Zio Dee Pro Fac Low Low Dat Pro Fac Ext Cet Arc Hub Fac Was Fac Upp Upp War Pro Res Res Qua Robot Analysis Total 11 | . . . . . . . . . . . . . . . . . . . . . . . 1 . . 6 . 1 . . . . 3 . . Derelict Logs Recovered 9 | . . . . 1 . . . . . . . 1 2 . 1 . 2 . . 1 . . . . . . . . 1 . . . . . . Drone Launches 17 | . . . . . . . . . . . . . . . . . . . . . 11 . . . . 6 . . . . . . . . . Drone Recoveries . | . . . . . . . . . . . . . . . . . . . . . . . . . . . . . . . . . . . . Exploration | -11 -10 -10 -9 -9 -9 -8 -8 -7 -7 -7 -7 -7 -7 -7 -6 -6 -6 -6 -6 -5 -5 -5 -5 -5 -5 -4 -4 -4 -4 -4 -4 -3 -3 -2 -2 ------------- Run | Scr Mat Min Mat Min Exi Min Mat Fac Was Fac Low Low Zio Dee Pro Fac Low Low Dat Pro Fac Ext Cet Arc Hub Fac Was Fac Upp Upp War Pro Res Res Qua Turns Passed 27204 | 47 60 458 1283 948 810 230 512 506 304 930 391 1200 1428 1872 729 818 279 267 156 385 896 803 491 135 1344 1789 408 1673 628 211 591 278 2928 655 761 Spaces Moved 18475 | 39 67 451 495 408 527 196 387 347 175 634 303 764 784 847 303 948 307 283 116 316 774 606 226 64 477 999 319 1623 754 245 670 382 1967 320 352 Core 4 | 2 . . . . . . . . . . . . . . . . . . . . . . . . . . . . . . . . . . 2 Treads 4609 | . . . 394 408 28 . . 1 . . . 227 784 847 303 . . . . . . . 198 64 467 . . . . . . . 218 320 350 Legs . | . . . . . . . . . . . . . . . . . . . . . . . . . . . . . . . . . . . . Wheels 3731 | 37 67 451 101 . 499 196 387 346 175 634 303 535 . . . . . . . . . . . . . . . . . . . . . . . Hover 10131 | . . . . . . . . . . . . 2 . . . 948 307 283 116 316 774 606 28 . 10 999 319 1623 754 245 670 382 1749 . . Flight . | . . . . . . . . . . . . . . . . . . . . . . . . . . . . . . . . . . . . Fastest Speed 50 | 50 90 80 90 200 115 115 115 125 130 120 120 110 180 180 220 68 68 68 68 68 68 68 142 180 142 58 58 58 68 68 60 60 52 160 50 Average Speed 112 | 87 90 89 176 216 138 115 124 132 133 122 120 137 180 195 220 68 68 68 84 68 69 87 175 180 186 110 61 64 68 68 64 60 92 160 160 Slowest Speed 290 | 90 90 90 200 220 220 115 125 250 140 140 120 180 180 220 220 138 68 68 138 68 142 142 180 180 200 142 123 123 68 68 72 60 290 160 180 Overloaded Moves 8 | . . . . . . . . . . . . . . . . . . . . . . . . . . . . . . . . . 8 . . Propulsion Burnouts . | . . . . . . . . . . . . . . . . . . . . . . . . . . . . . . . . . . . . Robots Hopped 1 | . . . . . . . . . . . . . . . . . . . . . . . . . . . . . . . . . . . 1 Cave-ins Triggered . | . . . . . . . . . . . . . . . . . . . . . . . . . . . . . . . . . . . . Exploration Rate (%) 51 | 4 22 95 60 69 92 31 33 9 69 17 47 73 80 74 44 27 48 51 77 50 47 76 68 72 38 24 84 39 70 48 84 49 45 14 39 Regions Visited 35 Branch Regions 22 Pre-discovered Areas 3 | . . . . . 1 . . . . . . . 1 . . . . . 1 . . . . . . . . . . . . . . . . Known Exits Taken 13 | . . . . . . 1 . . . 1 . . . . . 1 . . . 1 1 . . . 1 . . 1 1 1 1 1 1 1 . Unknown Exits Taken 18 | 1 1 1 1 1 1 . 1 . . . 1 1 1 1 1 . 1 1 1 . . 1 1 1 . . . . . . . . . . . Scrap Searched 24 | . . 3 . 1 . . . . . . 1 2 5 . . . 2 1 . 3 . . . . . . . . 2 2 . 2 . . . Spaces Dug 195 | . . . . . . . . . . 2 12 . . 9 3 14 6 . . 12 24 3 1 . 4 12 . 21 . . . 24 40 2 6 Terrain Destroyed 1658 | . . . 1 13 . . . . 151 53 45 24 . 23 9 104 6 38 23 55 92 70 8 4 355 27 . 107 . . . 45 301 6 98 Melee 64 | . . . . . . . . . . . . . . . . . . . . . 24 3 . . 4 12 . 21 . . . . . . . Projectile 146 | . . . 1 . . . . . . 1 . 7 . 1 9 22 6 1 . 12 4 3 8 4 8 . . . . . . . 47 6 6 AOE 1448 | . . . . 13 . . . . 151 52 45 17 . 22 . 82 . 37 23 43 64 64 . . 343 15 . 86 . . . 45 254 . 92 Actions | -11 -10 -10 -9 -9 -9 -8 -8 -7 -7 -7 -7 -7 -7 -7 -6 -6 -6 -6 -6 -5 -5 -5 -5 -5 -5 -4 -4 -4 -4 -4 -4 -3 -3 -2 -2 --------- Run | Scr Mat Min Mat Min Exi Min Mat Fac Was Fac Low Low Zio Dee Pro Fac Low Low Dat Pro Fac Ext Cet Arc Hub Fac Was Fac Upp Upp War Pro Res Res Qua Total 23360 | 48 66 480 700 454 598 201 411 380 205 753 321 861 802 1014 347 1060 367 343 173 457 1021 833 290 70 776 1598 425 2126 856 289 830 423 2838 432 512 Wait 2233 | . . 2 47 32 6 3 6 11 . 49 1 22 2 11 20 1 42 44 37 111 95 45 21 . 145 413 50 349 80 45 118 21 307 40 57 Move 18440 | 38 66 450 494 407 526 195 386 347 174 633 302 763 783 846 302 947 306 282 115 315 773 605 225 63 476 999 318 1622 753 244 669 381 1966 319 350 Hop 1 | . . . . . . . . . . . . . . . . . . . . . . . . . . . . . . . . . . . 1 Pick Up 286 | 3 . 7 20 3 5 1 5 3 3 15 2 10 9 19 2 15 4 1 3 2 18 10 2 . 12 29 1 12 1 . 4 2 51 8 4 Fast Attach 106 | 6 . 1 3 . . . . 2 . 3 1 4 . 8 . 3 . . . . 5 3 6 . 3 9 . 8 . . 5 1 27 4 4 Attach 178 | . . 6 5 . . . 3 2 1 10 1 8 2 9 1 8 . 1 3 1 4 9 . . 8 15 2 6 1 . 3 2 56 5 6 Detach 114 | . . . . . . . . 1 2 4 2 4 2 10 . 2 . . 3 . 4 4 3 . 7 9 1 7 . . 3 2 33 10 1 Swap 209 | 1 . 1 11 1 3 . 3 2 3 5 4 5 2 8 . 5 3 1 3 1 17 4 12 . 10 20 1 15 . . 1 6 44 7 10 Drop 258 | . . 1 11 1 1 1 5 4 2 12 1 7 2 25 2 16 3 1 4 1 18 9 7 . 5 25 . 13 1 . 6 3 49 12 10 Fire 1135 | . . 12 109 10 4 . 3 8 20 22 7 36 . 74 20 63 9 13 . 26 47 23 14 7 99 16 52 44 13 . . 5 296 27 56 Melee 164 | . . . . . . . . . . . . . . . . . . . 1 . 37 16 . . 11 49 . 50 . . . . . . . Ram 12 | . . . . . . . . . . . . . . . . . . . . . . . . . . . . . . . . . 5 . 7 Kick . | . . . . . . . . . . . . . . . . . . . . . . . . . . . . . . . . . . . . Crush . | . . . . . . . . . . . . . . . . . . . . . . . . . . . . . . . . . . . . Escape Stasis 47 | . . . . . . . . . . . . . . . . . . . . . . 26 . . . 11 . . . . . . 4 . 6 Rewire 163 | . . . . . 53 1 . . . . . 2 . . . . . . . . . 79 . . . . . . 7 . 21 . . . . Trap 8 | . . . . . . . . . . . . . . 4 . . . . 4 . . . . . . . . . . . . . . . . Miscellaneous 6 | . . . . . . . . . . . . . . . . . . . . . 3 . . . . 3 . . . . . . . . . Route ------- -11/Scrapyard -10/Materials -10/Mines (discovered 2 exits: *Mat x2) -9/Materials (discovered 4 exits: *Mat x3 / [*Min]) -9/Mines (discovered 2 exits: *Mat / *Exi) -9/Exiles (discovered 2 exits: [*Min x2]) -8/Mines -8/Materials -7/Factory -7/Waste -7/Factory (discovered 2 exits: *Low x2) -7/Lower Caves -7/Lower Caves (discovered 2 exits: *Fac / *Zio) -7/Zion -7/Deep Caves -6/Proximity Caves -6/Factory (discovered 3 exits: Fac / *Low x2) -6/Lower Caves -6/Lower Caves (discovered 2 exits: *Fac / *Dat) -6/Data Miner -5/Proximity Caves -5/Factory (discovered 6 exits: *Fac x2 / *Upp x2 / *Ext x2) -5/Extension (discovered 2 exits: *Fac / *Cet) -5/Cetus (discovered 2 exits: *Fac / *Arc) -5/Archives -5/Hub_04(d) (discovered 2 exits: *Fac x2) -4/Factory (discovered 3 exits: *Res / *Upp x2) -4/Waste -4/Factory -4/Upper Caves -4/Upper Caves (discovered 2 exits: *Res / *War) -4/Warlord -3/Proximity Caves -3/Research (discovered 5 exits: *Res x2 / Arm / Tes x2) -2/Research -2/Quarantine (discovered 1 exit: [*Acc]) History --------- Turn | Location | Event 25 | -11/Scrapyard | Discovered new exit (range 14) 48 | -11/Scrapyard | Entered Materials 95 | -10/Materials | Discovered new exit (range 5) 108 | -10/Materials | Entered Mines 112 | -10/Mines | Assembled infested the area 117 | -10/Mines | Assisted by a Guerilla fighting off Assembled 309 | -10/Mines | Discovered new exit (range 8) 310 | -10/Mines | Build established: Mutant 470 | -10/Mines | Discovered new exit (range 15) 553 | -10/Mines | Lost 8 parts (1p3n4w) 566 | -10/Mines | Entered Materials 566 | -9/Materials | Evolved 2 slots: Utility x2 1097 | -9/Materials | Discovered new exit (range 16) 1425 | -9/Materials | Discovered new exit (range 8) 1607 | -9/Materials | Identified exit to Materials 1766 | -9/Materials | First assault squad dispatched 1839 | -9/Materials | Discovered new exit (range 6) 1849 | -9/Materials | Entered Mines 1879 | -9/Mines | Found a hidden stash of uninstalled traps 2060 | -9/Mines | Assisted by bots powering up and referring to "LRC-V3" 2118 | -9/Mines | Discovered exit to Materials (range 15) 2615 | -9/Mines | Received a Rocket Launcher from a helpful Derelict 2711 | -9/Mines | Learned Materials security intel 2784 | -9/Mines | Deemed a non-threat by the Exiles lab entrance 2784 | -9/Mines | Discovered new exit (range 5) 2797 | -9/Mines | Entered Exiles 2797 | -9/Exiles | Found Exiles lab destroyed 2797 | -9/Exiles | Accompanied by 2 allies 2833 | -9/Exiles | Discovered new exit (range 15) 3317 | -9/Exiles | Build established: Commander-Mutant 3339 | -9/Exiles | Learned location of Zion (-7) 3585 | -9/Exiles | Discovered new exit (range 14) 3607 | -9/Exiles | Entered Mines 3607 | -8/Mines | Accompanied by 6 allies 3736 | -8/Mines | Discovered exit to Materials (range 8) 3837 | -8/Mines | Entered Materials 3837 | -8/Materials | Accompanied by 6 allies 3837 | -8/Materials | Evolved 2 slots: Utility x2 4255 | -8/Materials | Discovered new exit (range 16) 4349 | -8/Materials | Entered Factory 4349 | -7/Factory | Accompanied by 6 allies 4349 | -7/Factory | Evolved 2 slots: Utility x2 4855 | -7/Factory | Sucked down chute 4855 | -7/Factory | Entered Waste 4870 | -7/Waste | EMP discharged 4870 | -7/Waste | Spotted C-40 Crusher 4882 | -7/Waste | Destroyed C-40 Crusher 4902 | -7/Waste | Spotted C-40 Crusher 4902 | -7/Waste | Spotted C-40 Crusher 4909 | -7/Waste | Spotted C-40 Crusher 4909 | -7/Waste | Spotted C-40 Crusher 4928 | -7/Waste | Destroyed C-40 Crusher 4948 | -7/Waste | Destroyed C-40 Crusher 4963 | -7/Waste | Destroyed C-40 Crusher 4970 | -7/Waste | EMP discharged 4970 | -7/Waste | System corruption reached 10% 4993 | -7/Waste | Build established: Hauler-Mutant 5009 | -7/Waste | Destroyed C-40 Crusher 5033 | -7/Waste | Spotted C-40 Crusher 5034 | -7/Waste | Destroyed C-40 Crusher 5047 | -7/Waste | Found Damper Plating 5055 | -7/Waste | Found Damper Plating 5070 | -7/Waste | EMP discharged 5103 | -7/Waste | Discovered new exit (range 15) 5159 | -7/Waste | Entered Factory 5325 | -7/Factory | Lost 4 parts (1u3w) 5359 | -7/Factory | Identified exit to Lower Caves 5648 | -7/Factory | Build established: Hacker-Mutant 5751 | -7/Factory | Fabricated Cmb. Gravmag System? 5826 | -7/Factory | Fabricated Cmb. Gravmag System? 6089 | -7/Factory | Entered Lower Caves 6185 | -7/Lower Caves | Spotted B-75 Beast 6281 | -7/Lower Caves | Encountered a Warlord checkpoint 6435 | -7/Lower Caves | Discovered new exit (range 5) 6480 | -7/Lower Caves | Entered another Lower Caves area 6481 | -7/Lower Caves | Encountered a Warlord checkpoint 6486 | -7/Lower Caves | Discovered new exit (range 8) 6637 | -7/Lower Caves | Learned Factory garrison access intel 6843 | -7/Lower Caves | Spotted B-75 Beast 6895 | -7/Lower Caves | Core integrity fell below 50% 6896 | -7/Lower Caves | Destroyed B-75 Beast 6914 | -7/Lower Caves | Lost 5 parts (1p2u2w) 7172 | -7/Lower Caves | Attracted the attention of an 0b10 checkpoint 7552 | -7/Lower Caves | Build established: Scavenger-Mutant 7671 | -7/Lower Caves | Discovered new exit (range 5) 7680 | -7/Lower Caves | Entered Zion 7751 | -7/Zion | Received a visual enhancement algorithm 7825 | -7/Zion | System corruption cleaned by Quarantine Array 7926 | -7/Zion | Build established: Hauler-Mutant 7961 | -7/Zion | Visited the Megawrench Repair Shop 7967 | -7/Zion | Megawrench repaired 11 parts 8253 | -7/Zion | Learned location of Warlord (-4) 8294 | -7/Zion | Learned location of 1 exit from Factory 8498 | -7/Zion | Acquired unknown access codes intercepted by a Zionite 8559 | -7/Zion | Given A8's code to call for help 8622 | -7/Zion | Learned 4 Factory zone layouts 9057 | -7/Zion | Opened final containment barrier to the Deep Caves 9079 | -7/Zion | Enhanced Grunt warped into view, answering call for help 9079 | -7/Zion | Enhanced Grunt warped into view, answering call for help 9092 | -7/Zion | Discovered new exit (range 5) 9095 | -7/Zion | Saw the warning signs outside the Deep Caves entrance 9108 | -7/Zion | Entered Deep Caves 9108 | -7/Deep Caves | Accompanied by 2 allies 9447 | -7/Deep Caves | Z-Facility disabled 9489 | -7/Deep Caves | Attacked by Z-Imprinter 9505 | -7/Deep Caves | Allies destroyed Z-Imprinter 9538 | -7/Deep Caves | Found Prototype Protection 9538 | -7/Deep Caves | Identified Zio. Weapon Casing 9545 | -7/Deep Caves | Found Zio. Weapon Casing 9704 | -7/Deep Caves | Found Zio. Weapon Casing 9708 | -7/Deep Caves | Lost 3 parts (1u2w) 9756 | -7/Deep Caves | Found Zio. Weapon Casing 9811 | -7/Deep Caves | Found Zio. Weapon Casing 9826 | -7/Deep Caves | Found Prototype Protection 9829 | -7/Deep Caves | Found Zio. Weapon Casing 9886 | -7/Deep Caves | Found Prototype Protection 9886 | -7/Deep Caves | Identified Zio. Heavy Carapace (x2) 9896 | -7/Deep Caves | Found Zio. Heavy Carapace 10118 | -7/Deep Caves | Spotted as-43952 10133 | -7/Deep Caves | Destroyed as-43952 10141 | -7/Deep Caves | Exposed GOLEM chamber 10166 | -7/Deep Caves | Triggered Deep Caves wall 10187 | -7/Deep Caves | Core integrity fell below 20% 10197 | -7/Deep Caves | Spotted AS-55011 10206 | -7/Deep Caves | Allies destroyed AS-55011 10225 | -7/Deep Caves | Found GOLEM Unit 10236 | -7/Deep Caves | Found GOLEM Unit 10276 | -7/Deep Caves | Found GOLEM Unit 10280 | -7/Deep Caves | Triggered Deep Caves wall 10306 | -7/Deep Caves | Destroyed 42 combat bots 10310 | -7/Deep Caves | Found Mobile Assembly Unit 10963 | -7/Deep Caves | Discovered new exit (range 6) 10980 | -7/Deep Caves | Entered Proximity Caves 10980 | -6/Proximity Caves | Accompanied by 2 allies 11176 | -6/Proximity Caves | Learned Factory terminal intel 11499 | -6/Proximity Caves | Spotted B-75 Beast 11693 | -6/Proximity Caves | Discovered new exit (range 8) 11709 | -6/Proximity Caves | Entered Factory 11709 | -6/Factory | Evolved 2 slots: Propulsion x2 11710 | -6/Factory | Identified exit to Factory 11712 | -6/Factory | Loaded intel: 20 terminal locations 11713 | -6/Factory | Loaded intel: 4 garrison access locations 12173 | -6/Factory | Discovered new exit (range 15) 12191 | -6/Factory | Identified exit to Lower Caves 12527 | -6/Factory | Entered Lower Caves 12530 | -6/Lower Caves | Encountered a Warlord checkpoint 12779 | -6/Lower Caves | Discovered new exit (range 9) 12788 | -6/Lower Caves | Learned Factory security intel 12795 | -6/Lower Caves | Learned location of 1 exit from Factory 12806 | -6/Lower Caves | Entered another Lower Caves area 12847 | -6/Lower Caves | Discovered exit to Factory (range 20) 12958 | -6/Lower Caves | Attracted the attention of an 0b10 checkpoint 12998 | -6/Lower Caves | Encountered a Warlord checkpoint 13023 | -6/Lower Caves | Discovered new exit (range 8) 13073 | -6/Lower Caves | Entered Data Miner 13073 | -6/Data Miner | Discovered new exit (range 6) 13134 | -6/Data Miner | Met Data Miner 13153 | -6/Data Miner | Learned location of Section 7 (-2) 13153 | -6/Data Miner | Acquired the access code to Warlord's prototype stash 13162 | -6/Data Miner | Received God Mode back door access code from Data Miner 13175 | -6/Data Miner | Destroyed Data Miner 13179 | -6/Data Miner | Found Prototype Hackware 13181 | -6/Data Miner | Found Prototype Hackware 13185 | -6/Data Miner | Data Conduit disabled 13229 | -6/Data Miner | Entered Proximity Caves 13272 | -5/Proximity Caves | Spotted B-75 Beast 13381 | -5/Proximity Caves | Attracted the attention of an 0b10 checkpoint 13614 | -5/Proximity Caves | Entered Factory 13614 | -5/Factory | Evolved 2 slots: Utility x2 13615 | -5/Factory | Identified exit to Factory 13717 | -5/Factory | Garrison activated, responded to threat 13922 | -5/Factory | Repaired Cmb. Gravmag System 13971 | -5/Factory | Repaired Hrd. Heavy Armor Plating 14166 | -5/Factory | Discovered new exit (range 5) 14214 | -5/Factory | First assault squad dispatched 14260 | -5/Factory | Discovered exit to Factory (range 57) 14342 | -5/Factory | Repaired Cmb. Gravmag System? 14412 | -5/Factory | Identified exit to Upper Caves 14412 | -5/Factory | Identified exit to Extension 14423 | -5/Factory | Fabricated Mni. Smartbomb Launcher? 14501 | -5/Factory | Identified System Mapper 14506 | -5/Factory | Local fabrication network quarantined 14510 | -5/Factory | Entered Extension 14530 | -5/Extension | Disrupted transfer network 14662 | -5/Extension | Rescued A7 14678 | -5/Extension | Rescued a captive Derelict 14679 | -5/Extension | Rescued a captive Derelict 14857 | -5/Extension | Spotted B-75 Beast 14861 | -5/Extension | Spotted B-75 Beast 14902 | -5/Extension | Destroyed B-75 Beast 14909 | -5/Extension | Core integrity fell below 50% 14925 | -5/Extension | Allies destroyed B-75 Beast 15133 | -5/Extension | Rescued a captive Derelict 15187 | -5/Extension | Central database locked down 15187 | -5/Extension | Rescued a captive Derelict 15215 | -5/Extension | Rescued a captive Derelict 15216 | -5/Extension | Rescued a captive Derelict 15239 | -5/Extension | Rescued a captive Derelict 15250 | -5/Extension | Rescued a captive Derelict 15278 | -5/Extension | Discovered exit to Factory (range 10) 15279 | -5/Extension | Discovered new exit (range 6) 15313 | -5/Extension | Entered Cetus 15313 | -5/Cetus | Accompanied by 15 allies 15318 | -5/Cetus | Acquired a Cetus Manufacturing Module code from A7 15336 | -5/Cetus | Spotted Cetus Guard 15336 | -5/Cetus | Spotted Cetus Guard 15339 | -5/Cetus | Spotted Cetus Guard 15340 | -5/Cetus | Spotted Cetus Guard 15350 | -5/Cetus | Allies destroyed Cetus Guard 15354 | -5/Cetus | Allies destroyed Cetus Guard 15358 | -5/Cetus | Allies destroyed Cetus Guard 15361 | -5/Cetus | Extracted ID and sensor layout for unrecognized location from A7's data core 15486 | -5/Cetus | Started Cetus Manufacturing Module 15511 | -5/Cetus | Manufactured an Enhanced Grunt 15536 | -5/Cetus | Manufactured an Enhanced Grunt 15536 | -5/Cetus | P-70 Sage assimilated allied NE-KCP(h) 15537 | -5/Cetus | Cetus Manufacturing Module disabled 15574 | -5/Cetus | Central database locked down 15626 | -5/Cetus | Discovered new exit (range 16) 15661 | -5/Cetus | Spotted Cetus Guard 15661 | -5/Cetus | Spotted Cetus Guard 15663 | -5/Cetus | Build established: Scavenger-Mutant 15665 | -5/Cetus | Spotted Cetus Guard 15676 | -5/Cetus | Spotted Cetus Guard 15679 | -5/Cetus | Destroyed Cetus Guard 15682 | -5/Cetus | Allies destroyed Cetus Guard 15684 | -5/Cetus | Allies destroyed Cetus Guard 15688 | -5/Cetus | Allies destroyed Cetus Guard 15698 | -5/Cetus | Discovered exit to Factory (range 15) 15710 | -5/Cetus | Met Revision 17 15804 | -5/Cetus | Entered Archives 15804 | -5/Archives | Accompanied by 5 allies 15864 | -5/Archives | Met Zhirov 15870 | -5/Archives | Reinforcements dispatched to Archives 15878 | -5/Archives | Discovered new exit (range 16) 15910 | -5/Archives | Read partially decrypted archive contents 15915 | -5/Archives | Reinforcements dispatched to Archives 15917 | -5/Archives | Zhirov warped through subspace 15935 | -5/Archives | Zhirov detonated Archives 15939 | -5/Archives | Entered Hub_04(d) 16327 | -5/Hub_04(d) | Discovered exit to Factory (range 4) 16533 | -5/Hub_04(d) | Discovered exit to Factory (range 15) 16732 | -5/Hub_04(d) | Build established: Hauler-Mutant 16907 | -5/Hub_04(d) | Core integrity fell below 20% 16971 | -5/Hub_04(d) | Network Hub disabled 16975 | -5/Hub_04(d) | Network Hub disabled 17079 | -5/Hub_04(d) | Spotted Lightning 17083 | -5/Hub_04(d) | Spotted Lightning 17084 | -5/Hub_04(d) | Spotted Lightning 17096 | -5/Hub_04(d) | Destroyed Lightning 17099 | -5/Hub_04(d) | Destroyed Lightning 17114 | -5/Hub_04(d) | Destroyed Lightning 17215 | -5/Hub_04(d) | Found Prototype Device 17215 | -5/Hub_04(d) | Identified EM Dispersion Field 17226 | -5/Hub_04(d) | Found Prototype Energy Cannon 17233 | -5/Hub_04(d) | Found Prototype Device 17233 | -5/Hub_04(d) | Identified Exp. Phase Shifter 17256 | -5/Hub_04(d) | Spotted Lightning 17256 | -5/Hub_04(d) | Spotted Lightning 17256 | -5/Hub_04(d) | Spotted Lightning 17283 | -5/Hub_04(d) | Entered Factory 17283 | -4/Factory | Evolved 2 slots: Utility x2 17327 | -4/Factory | Identified Quantum Router 17404 | -4/Factory | Fabricated Exp. Utility Shielding (x1) 17488 | -4/Factory | Fabricated Exp. Sensor Array (x1) 17533 | -4/Factory | First assault squad dispatched 17621 | -4/Factory | Build established: Hacker-Mutant 17670 | -4/Factory | Fabricated Exp. Terrain Scanner? 17681 | -4/Factory | Identified EMDS 17799 | -4/Factory | Discovered new exit (range 7) 17837 | -4/Factory | Identified exit to Research 18128 | -4/Factory | Identified exit to Upper Caves 18176 | -4/Factory | Local fabrication network quarantined 18235 | -4/Factory | Repaired Exp. Utility Shielding? 18271 | -4/Factory | Repaired Lrg. Storage Unit 18299 | -4/Factory | Repaired Lrg. Storage Unit 18359 | -4/Factory | Repaired Cmb. Gravmag System 18469 | -4/Factory | Repaired Centrium Medium Armor Plating 18605 | -4/Factory | Found Imp. Powered Armor 18729 | -4/Factory | Repaired Imp. Weapon Shielding 18824 | -4/Factory | Repaired Exp. Terrain Scanner? 19015 | -4/Factory | Spotted B-86 Titan 19034 | -4/Factory | Central database locked down 19072 | -4/Factory | Sucked down chute 19072 | -4/Factory | Entered Waste 19072 | -4/Waste | Met up with 1 ally sucked down the chute earlier 19077 | -4/Waste | Spotted C-40 Crusher 19087 | -4/Waste | Spotted C-40 Crusher 19089 | -4/Waste | Spotted C-40 Crusher 19115 | -4/Waste | 1 allies followed down the chute 19144 | -4/Waste | Destroyed C-40 Crusher 19145 | -4/Waste | 5 allies followed down the chute 19153 | -4/Waste | Spotted C-40 Crusher 19217 | -4/Waste | Destroyed C-40 Crusher 19235 | -4/Waste | Spotted C-40 Crusher 19303 | -4/Waste | Spotted C-40 Crusher 19315 | -4/Waste | Destroyed C-40 Crusher 19398 | -4/Waste | Destroyed C-40 Crusher 19420 | -4/Waste | Destroyed C-40 Crusher 19471 | -4/Waste | Discovered new exit (range 12) 19477 | -4/Waste | Identified exit to Factory 19480 | -4/Waste | Entered Factory 19480 | -4/Factory | Accompanied by 5 allies 19504 | -4/Factory | Repaired Lrg. Storage Unit 19536 | -4/Factory | Repaired Cmb. Gravmag System 20138 | -4/Factory | Discovered exit to Upper Caves (range 4) 20298 | -4/Factory | Fabricated Cmb. Antigrav System (x2) 20426 | -4/Factory | Fabricated Cmb. Antigrav System? 20635 | -4/Factory | Fabricated Exp. Signal Interpreter (x1) 20787 | -4/Factory | Fabricated Exp. Terrain Scan Processor? 20888 | -4/Factory | Local fabrication network quarantined 21123 | -4/Factory | Repaired Power Sword? 21153 | -4/Factory | Entered Upper Caves 21307 | -4/Upper Caves | Learned 4 Research zone layouts 21740 | -4/Upper Caves | Discovered new exit (range 15) 21765 | -4/Upper Caves | Identified exit to Upper Caves 21781 | -4/Upper Caves | Entered another Upper Caves area 21790 | -4/Upper Caves | Discovered exit to Research (range 8) 21954 | -4/Upper Caves | Discovered new exit (range 16) 21967 | -4/Upper Caves | Identified exit to Warlord 21992 | -4/Upper Caves | Entered Warlord 22074 | -4/Warlord | Visited the Vortex Lab 22077 | -4/Warlord | Found Prototype Energy Gun 22077 | -4/Warlord | Identified Vortex Rifle 22079 | -4/Warlord | Found Vortex Rifle 22093 | -4/Warlord | Warlord's base attacked by MAIN.C 22251 | -4/Warlord | Met Warlord 22259 | -4/Warlord | Opened Warlord's prototype stash 22270 | -4/Warlord | Found Prototype Processor 22270 | -4/Warlord | Identified Spectral Analyzer 22443 | -4/Warlord | Warlord forces counterattacked 22467 | -4/Warlord | Opened side exit 22560 | -4/Warlord | Spotted Striker 22576 | -4/Warlord | Discovered new exit (range 12) 22582 | -4/Warlord | Identified exit to Proximity Caves 22583 | -4/Warlord | Entered Proximity Caves 22585 | -3/Proximity Caves | Attracted the attention of an 0b10 checkpoint 22848 | -3/Proximity Caves | Discovered exit to Research (range 16) 22861 | -3/Proximity Caves | Entered Research 22861 | -3/Research | Evolved 2 slots: Utility x2 22862 | -3/Research | Identified exit to Testing 22878 | -3/Research | Found Quantum Capacitor 22954 | -3/Research | Repaired Exp. Utility Shielding 23008 | -3/Research | Discovered new exit (range 30) 23064 | -3/Research | Discovered exit to Testing (range 30) 23220 | -3/Research | Fabricated Exp. Weapon Shielding (x1) 23246 | -3/Research | Local fabrication network quarantined 23303 | -3/Research | Fabricated Exp. Propulsion Shielding? 23361 | -3/Research | First assault squad dispatched 24092 | -3/Research | Identified exit to Armory 24121 | -3/Research | Spotted B-86 Titan 24227 | -3/Research | Found Exp. Thermal Defense Suite 24277 | -3/Research | Spotted B-86 Titan 24348 | -3/Research | Lost 5 parts (1n3u1w) 24393 | -3/Research | System corruption reached 10% 24493 | -3/Research | Garrison activated, responded to threat 24515 | -3/Research | Repaired Exp. Utility Shielding? 24543 | -3/Research | Lost 5 parts (3u2w) 24662 | -3/Research | Core integrity fell below 50% 24847 | -3/Research | Discovered new exit (range 8) 25014 | -3/Research | Lost 3 parts (1n1u1w) 25344 | -3/Research | Lost 9 parts (1p4n3u1w) 25409 | -3/Research | Lost 3 parts (1u2w) 25465 | -3/Research | Core integrity fell below 20% 25567 | -3/Research | Build established: Hauler-Mutant 25787 | -3/Research | Identified exit to Research 25789 | -3/Research | Entered another Research area 25789 | -2/Research | Warlord forces began assault on 0b10 25789 | -2/Research | Evolved 2 slots: Utility x2 25892 | -2/Research | Fabricated Exp. Sensor Array (x1) 25899 | -2/Research | Research machine network offline 25936 | -2/Research | Borebot progress halted 25965 | -2/Research | Spotted B-90 Cyclops 25967 | -2/Research | Borebot progress halted 25999 | -2/Research | Destroyed B-90 Cyclops 26019 | -2/Research | Borebot progress halted 26032 | -2/Research | Borebot progress halted 26099 | -2/Research | Found Prototype Processor 26099 | -2/Research | Identified Exp. Melee Analysis Suite 26101 | -2/Research | Borebot progress halted 26129 | -2/Research | Spotted Striker 26130 | -2/Research | Destroyed Striker 26237 | -2/Research | Discovered new exit (range 22) 26254 | -2/Research | Found Antimissile System 26288 | -2/Research | Local fabrication network quarantined 26397 | -2/Research | Warlord destroyed during the assault 26441 | -2/Research | Identified exit to Quarantine 26444 | -2/Research | Entered Quarantine 26660 | -2/Quarantine | Found Fusion Bomb Launcher 26685 | -2/Quarantine | Found Alien Artifact 26685 | -2/Quarantine | Identified Core Reset Matrix 26685 | -2/Quarantine | Used Core Reset Matrix 26689 | -2/Quarantine | Detected hypermatrix surge 26689 | -2/Quarantine | Sensed 14 artifacts in vicinity 26694 | -2/Quarantine | First assault squad dispatched 26937 | -2/Quarantine | Build established: Hacker-Mutant 26954 | -2/Quarantine | Found Core Cannon 26985 | -2/Quarantine | Discovered new exit (range 30) 27129 | -2/Quarantine | Cryocooling Duct disabled 27144 | -2/Quarantine | Ambient heat levels rising (+20) 27144 | -2/Quarantine | Non-combat units ordered to evacuate 27158 | -2/Quarantine | Scanned by Researcher 27185 | -2/Quarantine | Destroyed 13 combat bots 27195 | -2/Quarantine | Released all parts (13) 27199 | -2/Quarantine | Core integrity fell below 50% 27202 | -2/Quarantine | Emitted hypermatrix ping 27204 | -2/Quarantine | Core integrity fell below 20% 27205 | -2/Quarantine | Destroyed by G-73 Enforcer with Phase Gun Last Messages --------------- 27201_ Slammed into C-65 Expert. 27202_ Emitted hypermatrix ping. 27202_ Slammed into C-65 Expert. 27202_ Penetrated by Slug. 27202_ Slug penetrates G-73 Enforcer. 27203_ as-94417 destroyed. 27203_ Slammed into C-65 Expert. 27203_ Destabilizing: Core damaged (-43). 27203_ Penetrated by Slug. 27203_ Held in stasis. 27203_ C-65 Expert is analyzing... 27204_ GOLEM Unit springs to life. 27204_ Slammed into C-65 Expert. 27204_ Held in stasis. 27204_ C-65 Expert is analyzing... 27204_ Held in stasis. 27204_ Penetrated by Slug. 27205_ as-90057 GOLEM Unit beginning Asb. Alloy Leg integration. 27205_ Slammed into C-65 Expert. 27205_ Destabilizing: System corrupted (+2). Map ----- +----------------------------------------------------+ | #### % ######## ### # ![# "" ###"" | | #### %######## ### # # ###"T | | ### % ######## #########+### ############### | | "###% # # ############### | | "### % # / c############### | | "### # "" # *############### | | # # % # """ # ! %############### | | ### # " " # ##########%* ############### | | ### #]["" # ## # ############### | | #### + "" # ## " # ################ | | #### %# # ## "" # !############### | | #### # # ## "" # =!############### | | #### # # ## "" # [|%############### | | #### %!# # ## " # !=############### | | #### *%# # ## "" # * !##### ######### | | #### !=# # ## "" # ## ######## | | #### ######## ## " [ [ # ###### | | #### T####### ## =!#%%!k ##### | | #### ######## ## !!c% =[ ## # # ##### | | #### ######## ######G!g= !% ## # ###### | | #### ^ ]!!ggcgg% h*=% %%* #### | | #### ^ =!%|gggh h =* [< #### | | #### ^ !=!g! h % = #### | | #### ^ !!g! #### | | ##############+######### # ####### | | ########### # @ ######## | | ########### # c ########## | | ###########" T# # ########## | | ###########"" !""# """ # """ ########## | | ###########!"" ""!# """!""" # "!" ########## | | ###########!!"""!!# """ # """ ########## | | ################### T " " # "" " ########## | | ################### " # """"" ########## | | ################### # ########## | | ################### ################### | | ################### ################### | | ################### ################?#? | | ##########??##################################?### | | | | | | | | | | | | | | | | | | | | | | | | | +----------------------------------------------------+ Best States ------------- Heat Dissipation 84 Energy Generation 27 Energy Capacity 1970 Matter Stores 300 Matter Capacity 300 Sight Range 16 Robot Scan Range 30 Terrain Scan Range 30 Terrain Scan Density 1010 Jamming Range 16 Power Amplification 30 Additional Mass Support 10 Armor Coverage 2400 Resistance: KI 30 Resistance: TH 15 Resistance: EX 15 Resistance: EM 90 Resistance: I 15 Resistance: S 15 Resistance: P 15 Propulsion Shielding 90 Utility Shielding 90 Weapon Shielding 100 Weapon Cycling 25 Phase Shifting 20 Evasion (%) 65 Targeting Accuracy 8 Melee Accuracy 12 Core Analysis 10 Recoil Reduction 4 Salvage Targeting 2 Offensive Hacking 30 Defensive Hacking 25 Item Schematics ----------------- None Robot Schematics ------------------ None Fabricated ------------ Cmb. Gravmag System | x2 | -7/Factory Cmb. Gravmag System | x2 | -7/Factory Mni. Smartbomb Launcher | x1 | -5/Factory Exp. Utility Shielding | x1 | -4/Factory Exp. Sensor Array | x1 | -4/Factory Exp. Terrain Scanner | x1 | -4/Factory Cmb. Antigrav System | x2 | -4/Factory Cmb. Antigrav System | x2 | -4/Factory Exp. Signal Interpreter | x1 | -4/Factory Exp. Terrain Scan Processor | x1 | -4/Factory Exp. Weapon Shielding | x1 | -3/Research Exp. Propulsion Shielding | x1 | -3/Research Exp. Sensor Array | x1 | -2/Research Alien Tech Used ----------------- Core Reset Matrix Core Cannon Achievements -------------- None Challenges ------------ None Game ------ Seed SegregatorHeatCharger Manual? 0 Play Time 06:01:43 Cumulative 784.2 hours Start 2020.05.14 @ 16:18:37 End 2020.05.15 @ 18:21:54 Sessions 13 Manual Loads 0 Difficulty Rogue Special Mode None Game No. 220 Rogue 220 Adventurer 0 Explorer 0 Win Type - Total 41 Types 32/0/2/3/2/1/1 Lore% 96 Gallery% 98 Achievement% 94 Wizard Run 0 Options --------- ASCII 0 Keyboard 1 Movement Numpad Keybinds 0 Fullscreen 1 Font 18/SmallcapsGlow Map View 76x50 Tactical HUD 1 Map Filters NONE Filters NONE Steam 1 RUN: d10d2d31-002a-4468-babe-39131a50cfa8